 Dungeon Crawl Stone Soup version 0.30.0-20-g3615ddf2f0 (webtiles) character file.

Game seed: 17006880961362377347

277684 qw the Peltast (level 20, -4/136 HPs)
             Began as a Gargoyle Fighter on May 29, 2023.
             Was a High Priest of Okawaru.
             Slain by a 15-headed hydra (5 damage)
             ... on level 4 of the Swamp.
             The game lasted 00:27:36 (41853 turns).

qw the Peltast (Gargoyle Fighter)                  Turns: 41853, Time: 00:27:37

Health: -4/136     AC: 48    Str: 28    XL:     20   Next: 81%
Magic:  27/27      EV: 19    Int: 10    God:    Okawaru [*****.]
Gold:   2311       SH: 25    Dex: 11    Spells: 19/19 levels left

rFire   + . .        r - +5 broad axe (elec)
rCold   + + .        g - +2 tower shield
rNeg    + . .        w - +2 plate armour of Okawaru's Reproof {rC+ Will+ rCorr}
rPois   inf          D - +2 helmet {SInv}
rElec   +            f - scarf {rC+ rF+}
rCorr   +            e - +2 pair of gloves of Istoziut {Will+}
SInv    +            s - +1 pair of boots of the Prince of Darkness {Dex+2 Slay+3}
Will    +++..        q - amulet of faith Stlth
                     G - +5 ring of evasion
HPRegen 0.42/turn    z - +5 ring of evasion
MPRegen 0.20/turn

%: faith
@: about to teleport, heroic, grasped by roots, flying, constricted
A: sickness immunity, AC +15, big wings, negative energy resistance 1,
electricity resistance, torment resistance 1, petrification resistance
}: 1/15 runes: serpentine
a: Renounce Religion, Heroism, Finesse, Duel


You were on level 4 of the Swamp.
You worshipped Okawaru.
Okawaru was extremely pleased with you.
You visited 7 branches of the dungeon, and saw 35 of its levels.
You also visited: Sewer.

You collected 4293 gold pieces.
You spent 1982 gold pieces at shops.


Innate Abilities, Weirdness & Mutations

You are immune to sickness and miasma.
Your stone body is resilient. (AC +15)
You are immune to poison.
Your large and strong wings let you fly.
You resist negative energy. (rN+)
You are resistant to electric shocks. (rElec)
You are resistant to unholy torment.
You are immune to petrification.


   Skills:
 - Level 18.0(23.0) Fighting
 - Level 18.0(23.0) Axes
 - Level 9.0(14.0) Throwing
 - Level 17.0(22.0) Armour
 + Level 5.4(10.4) Dodging
 - Level 20.0(25.0) Shields
 - Level 10.0 Invocations


You had 19 spell levels left.
You didn't know any spells.
Your spell library was empty.

Inventory:

Hand Weapons
 r - a +5 broad axe of electrocution (weapon)
Missiles
 b - 18 boomerangs
 B - 10 javelins (quivered)
 I - 10 silver boomerangs
Armour
 e - the +2 pair of gloves of Istoziut (worn) {Will+}
   (You acquired it on level 1 of the Dungeon)

   Will:      It increases your willpower.
 f - a scarf of resistance (worn)
 g - a +2 tower shield (worn)
 i - the +0 tower shield of Valour {rC+}
   (Okawaru gifted it to you on level 4 of the Vaults)

   rC:        It protects you from cold.
 k - +4 storm dragon scales {Bai Suzhen}
 m - +0 gold dragon scales
 s - the +1 pair of boots of the Prince of Darkness (worn) {Dex+2 Slay+3}
   (You bought it in a shop on level 1 of the Vaults)

   Dex:       It affects your dexterity (+2).
   Slay:      It affects your accuracy & damage with ranged weapons and melee
   (+3).
 w - the +2 plate armour of Okawaru's Reproof (worn) {rC+ Will+ rCorr}
   (You found it on level 2 of the Lair of Beasts)

   rC:        It protects you from cold.
   rCorr:     It protects you from acid and corrosion.
   Will:      It increases your willpower.
 x - the +3 hat of Pondering {ponderous, Will+ MP+10 Int+5}
   (You took it off Gastronok on level 3 of the Lair of Beasts)

   Int:       It affects your intelligence (+5).
   MP:        It affects your magic capacity (+10).
   Will:      It increases your willpower.
 y - a +1 cloak of poison resistance
 D - a +2 helmet of see invisible (worn)
Jewellery
 l - a ring of fire
 q - an amulet of faith (around neck)
 v - a ring of resist corrosion
 z - a +5 ring of evasion (right hand)
 C - an amulet of reflection
 F - a ring of fire
 G - a +5 ring of evasion (left hand)
 J - the amulet of the Prince of Darkness {-Tele rPois rC- Regen+ Str+5}
   (You found it on level 1 of the Vaults)

   [amulet of regeneration]

   Str:       It affects your strength (+5).
   rC:        It makes you vulnerable to cold.
   rPois:     It protects you from poison.
   -Tele:     It prevents most forms of teleportation.
   Regen:     It increases your rate of health regeneration.
Wands
 t - a wand of digging (18)
Scrolls
 a - 13 scrolls of identify
 H - a scroll of enchant armour
Potions
 c - 4 potions of resistance
 d - 10 potions of might
 h - 5 potions of lignification
 j - 24 potions of curing
 o - 4 potions of attraction
 p - 3 potions of cancellation
 u - 8 potions of mutation
 A - 3 potions of magic
 E - 3 potions of haste

Dungeon Overview and Level Annotations

Branches:
Dungeon (15/15)            Temple (1/1) D:5            Lair (5/5) D:10
  Swamp (4/4) Lair:3        Snake (4/4) Lair:2        Slime (0/5) Lair:4
    Orc (2/2) D:11            Elf (0/3) Orc:2        Vaults (4/5) D:13
  Crypt (0/3) Vaults:2     Depths (0/4) D:15          Sewer (visited)

Altars:
Ashenzari
Cheibriados
Dithmenos
Elyvilon
Fedhas
Gozag
Hepliaklqana
Kikubaaqudgha
Makhleb
Nemelex Xobeh
Okawaru
Qazlal
Ru
Sif Muna
Trog
Uskayaw
Vehumet
Wu Jian
Xom
Yredelemnul
Zin
The Shining One
Jiyva
Lugonu

Shops:
D:1 *   D:2 *   D:3 (   Orc:2 !!([?   Snake:4 (?   Vaults:1 [   Vaults:4 =

Portals:
Abyss: Lair:5
Trove: Vaults:4 (give 13 scrolls of teleportation)

Annotations:
D:4 2 transporters, qw's ghost, amateur GrFi
D:7 2 transporters, qw's ghost, novice GrFi
D:12 2 transporters, Nyg Tys's ghost, journeyman MiBe
Lair:4 1 runed translucent door
Lair:5 3 runed translucent doors, qw's ghost, journeyman GrFi


Message History

The 12-headed hydra bites you but does no damage. x2
The grasping roots constrict you!
You chop one of the 12-headed hydra's heads off!
The 11-headed hydra grows two more!
You slice the 13-headed hydra!!
Lightning courses through the 13-headed hydra!
You kill the 13-headed hydra!
Okawaru accepts your kill.
You chop one of the 12-headed hydra's heads off!
The 11-headed hydra grows two more!
You slash the 13-headed hydra! The 13-headed hydra barely misses you.
You block the 13-headed hydra's attack.
The 13-headed hydra bites you but does no damage.
You block the 13-headed hydra's attack. x2; The 13-headed hydra misses you.
The 13-headed hydra closely misses you. The 13-headed hydra bites you!
The 13-headed hydra barely misses you. You block the 13-headed hydra's attack.
The 13-headed hydra bites you but does no damage. x3
You hack one of the 13-headed hydra's heads off!
The 12-headed hydra grows two more!
You slash the 14-headed hydra!
The 14-headed hydra is moderately wounded.
The grasping roots constrict you.
You chop one of the 14-headed hydra's heads off!
The 13-headed hydra grows two more!
You slice the 15-headed hydra!!
The 15-headed hydra is moderately wounded.
You slash the swamp drake!
You block the 15-headed hydra's attack. x2
The 15-headed hydra bites you but does no damage.
You block the 15-headed hydra's attack. The 15-headed hydra closely misses you.
The 15-headed hydra bites you but does no damage. x3
You block the 15-headed hydra's attack. The 15-headed hydra bites you!
The 15-headed hydra bites you but does no damage. x2
The 15-headed hydra misses you.
The 15-headed hydra bites you but does no damage. x2
You barely miss the 15-headed hydra.
The 15-headed hydra is moderately wounded.
You hack one of the eight-headed hydra's heads off!
The seven-headed hydra grows two more!
You slash the nine-headed hydra!
Lightning courses through the nine-headed hydra!!
The grasping roots constrict you.
You block the 15-headed hydra's attack. x2
The 15-headed hydra bites you but does no damage.
The 15-headed hydra bites you.
You die... 77777 777777777)..77777 77.~.~~...¤~~.~..7 ~?~~~~~~~.~~~¤?.@7~.~ .~~...~.....7.~~DDfD...~ .7 .~~~...~77777777~7k~~##. ~~~ 777

~~~~~.~77
...~7##
7~77.7
~~~~~.~7
7~~~#
..~..
~......777
7....~~7#
7¤.~
~...77~.~7
7..~~~7#
#~~.
~.~.77~~.7
7.~~~.7
7~.
~~.~.~~~[7
7~~~~7
#7..


You could see a shambling mangrove, a 15-headed hydra, a nine-headed hydra, a
swamp dragon and a swamp drake.

Vanquished Creatures
  Margery (Vaults:2)
  Bai Suzhen (Snake:3)
  Vashnia (Snake:2)
  Saint Roka (Snake:4)
  Nikola (Snake:2)
  A tentacled monstrosity (Swamp:4)
  Jorgrun (D:13)
  Asterion (Vaults:3)
  Agnes (D:15)
  Gastronok (Lair:3)
  Kirke (Lair:5)
  2 sphinxes
  Donald (Vaults:3)
  5 nagarajas (Snake:4)
  Louise (Snake:1)
  2 frost giants (Vaults:1)
  Aizul (Snake:2)
  10 vault wardens
  An orc warlord (Vaults:2)
  2 ghouls (Swamp:3)
  5 very ugly things
  14 ironbound preservers
  5 ironbound thunderhulks
  3 war gargoyles (Vaults:3)
  3 stone giants
  Nessos (D:13)
  7 eleionomae
  A dire elephant (Vaults:2)
  2 bunyips
  A crystal guardian (Vaults:4)
  Snorg (D:14)
  6 great orbs of eyes
  9 yaktaur captains
  9 hydras
  3 salamander tyrants (Snake:4)
  7 vault guards
  4 peacekeepers
  21 centaur warriors
  A ghost crab (Swamp:3)
  7 ironbound frosthearts
  2 death knights (Vaults:2)
  A catoblepas (Lair:4)
  7 anacondas
  6 alligators
  15 naga warriors
  6 two-headed ogres
  10 death yaks
  An orc high priest (Orc:1)
  2 thrashing horrors (Lair:5)
  6 boulder beetles
  4 shock serpents
  10 naga sharpshooters
  7 hell knights
  6 goliath frogs
  A skyshark (Lair:5)
  5 skeletal warriors (D:14)
  46 deep trolls
  6 naga ritualists
  4 salamander mystics (Snake:4)
  6 wizards
  2 spriggan druids
  3 swamp dragons
  4 bog bodies
  18 ironbound convokers
  5 harpies (Vaults:2)
  A deep elf zephyrmancer (D:15)
  6 lindwurms
  8 mana vipers
  4 necromancers
  3 orc sorcerers
  7 orc knights
  26 ugly things
  3 will-o-the-wisps
  2 deep elf pyromancers (D:15)
  15 salamanders
  5 cyclopes
  2 manticores
  13 elephants
  2 guardian serpents
  16 cane toads
  A water nymph (shapeshifter) (Lair:5)
  35 black mambas
  16 naga magi
  16 vault sentinels
  Maurice (D:13)
  2 kobold demonologists
  3 smoke demons
  A gargoyle (D:11)
  Psyche (D:10)
  12 komodo dragons
  A rime drake (Lair:3)
  3 centaur skeletons (D:15)
  2 efreet
  22 yaktaurs
  A human skeleton (Vaults:1)
  2 ancient zymes (Lair:5)
  4 trolls
  A meliai (shapeshifter) (D:13)
  10 hornets
  A tengu simulacrum (Vaults:1)
  3 polar bears
  5 tyrant leeches
  2 saltlings (Vaults:4)
  16 blink frogs (Lair:5)
  37 slime creatures
  A culicivora (shapeshifter) (D:14)
  2 wraiths
  A wyvern (D:5)
  Sigmund (D:2)
  12 spriggans
  3 vampires
  2 humans (Lair:5)
  2 basilisks (Lair:3)
  5 hogs (Lair:5)
  35 yaks
  4 chaos spawn (Lair:5)
  4 wargs
  14 swamp worms
  12 vampire mosquitoes
  30 nagas
  2 acid dragons
  2 hell hounds (Lair:3)
  17 water moccasins
  35 orc warriors
  12 small abominations (Lair:5)
  4 swamp drakes
  An ice beast (D:7)
  8 black bears
  A sky beast (D:7)
  A black bear (shapeshifter) (D:15)
  An orc zombie (Vaults:1)
  13 ogres
  5 boggarts (Vaults:1)
  22 centaurs
  3 wolves (Lair:2)
  5 kobold brigands
  7 bullfrogs
  A necrophage (Swamp:3)
  4 gnoll sergeants
  9 scorpions
  A two-headed ogre simulacrum (D:13)
  9 wights (D:10)
  An elephant simulacrum (D:13)
  A human simulacrum (Vaults:1)
  2 howler monkeys
  5 electric eels
  A crimson imp (D:6)
  3 lava snakes (Lair:2)
  4 gnoll boudas
  18 orc priests
  3 hounds
  2 sleepcaps
  5 iguanas
  Jessica (D:2)
  20 orc wizards
  A spriggan simulacrum (D:13)
  A wolf simulacrum (D:13)
  A troll simulacrum (D:13)
  8 adders
  35 gnolls
  3 naga simulacra (D:13)
  A shadow imp (D:7)
  2 white imps (D:6)
  An ufetubus (D:6)
  3 worms (D:4)
  7 dart slugs
  117 orcs
  10 ball pythons
  9 endoplasms
  12 giant cockroaches
  9 goblins
  6 hobgoblins
  4 jackals (D:4)
  5 quokkas
  6 bats
  4 frilled lizards
  17 kobolds
  4 rats
1263 creatures vanquished.

Vanquished Creatures (others)
  A shadow (D:13)
  An orc wizard (Orc:2)
  14 foxfires
16 creatures vanquished.

Grand Total: 1279 creatures vanquished

Notes
Turn   | Place    | Note
-------+----------+-------------------------------------------
     0 | D:1      | qw the Gargoyle Fighter began the quest for the Orb.
     0 | D:1      | Reached XP level 1. HP: 14/14 MP: 1/1
     0 | D:1      | 0 ||| qw: Version: 0.2-a-102-g2b76a06
     0 | D:1      | 0 ||| qw: Game counter: 452
     0 | D:1      | 0 ||| qw: Always use a shield: true
     0 | D:1      | 0 ||| qw: God list: Okawaru
     0 | D:1      | 0 ||| qw: Allow faded altars: false
     0 | D:1      | 0 ||| qw: Do Orc after D:15 true
     0 | D:1      | 0 ||| qw: Do second Lair branch before Depths: true
     0 | D:1      | 0 ||| qw: Lair rune preference: random
     0 | D:1      | 0 ||| qw: Plans: Normal, Zot:1-4, Slime:5, God:TSO, Crypt,
                  | Tomb, Pan, Hells, Abyss, Win
     0 | D:1      | 0 ||| PLANNING D:1-11
   419 | D:1      | Reached XP level 2. HP: 14/19 MP: 2/2
   509 | D:1      | Found Goic's General Store.
   510 | D:1      | You fall into a shaft and drop 1 floor!
   520 | D:2      | 520 ||| READING scroll labelled ESE XIADOQUGA.
   521 | D:2      | 521 ||| READING scroll labelled LOEDGH RARGHAEDGH.
   532 | D:2      | 532 ||| READING scroll labelled HEBYRO ZOPSY.
   533 | D:2      | 533 ||| Stepping randomly (stuck).
   534 | D:2      | 534 ||| Stepping randomly (stuck).
   535 | D:2      | 535 ||| Stepping randomly (stuck).
   536 | D:2      | 536 ||| Stepping randomly (stuck).
   538 | D:2      | 538 ||| Stepping randomly (stuck).
   539 | D:2      | 539 ||| Stepping randomly (stuck).
   540 | D:2      | 540 ||| Stepping randomly (stuck).
   541 | D:2      | 541 ||| Stepping randomly (stuck).
   542 | D:2      | 542 ||| Stepping randomly (stuck).
   543 | D:2      | 543 ||| Stepping randomly (stuck).
   544 | D:2      | 544 ||| Stepping randomly (stuck).
   545 | D:2      | 545 ||| Stepping randomly (stuck).
   546 | D:2      | 546 ||| Stepping randomly (stuck).
   548 | D:2      | 548 ||| Stepping randomly (stuck).
   549 | D:2      | 549 ||| Stepping randomly (stuck).
   550 | D:2      | 550 ||| Stepping randomly (stuck).
   551 | D:2      | 551 ||| Stepping randomly (stuck).
   552 | D:2      | 552 ||| Stepping randomly (stuck).
   553 | D:2      | 553 ||| Stepping randomly (stuck).
   554 | D:2      | 554 ||| Stepping randomly (stuck).
   555 | D:2      | 555 ||| Stepping randomly (stuck).
   556 | D:2      | 556 ||| Stepping randomly (stuck).
   557 | D:2      | 557 ||| Stepping randomly (stuck).
   558 | D:2      | 558 ||| Stepping randomly (stuck).
   559 | D:2      | 559 ||| Stepping randomly (stuck).
   560 | D:2      | 560 ||| Stepping randomly (stuck).
   561 | D:2      | 561 ||| Stepping randomly (stuck).
   562 | D:2      | 562 ||| Stepping randomly (stuck).
   563 | D:2      | 563 ||| Stepping randomly (stuck).
   564 | D:2      | 564 ||| Stepping randomly (stuck).
   565 | D:2      | 565 ||| Stepping randomly (stuck).
   566 | D:2      | 566 ||| Stepping randomly (stuck).
   567 | D:2      | 567 ||| Stepping randomly (stuck).
   568 | D:2      | 568 ||| Stepping randomly (stuck).
   569 | D:2      | 569 ||| Stepping randomly (stuck).
   570 | D:2      | 570 ||| Stepping randomly (stuck).
   571 | D:2      | 571 ||| Stepping randomly (stuck).
   572 | D:2      | 572 ||| Stepping randomly (stuck).
   573 | D:2      | 573 ||| Stepping randomly (stuck).
   574 | D:2      | 574 ||| Stepping randomly (stuck).
   575 | D:2      | 575 ||| Stepping randomly (stuck).
   576 | D:2      | 576 ||| Stepping randomly (stuck).
   577 | D:2      | 577 ||| Stepping randomly (stuck).
   578 | D:2      | 578 ||| Stepping randomly (stuck).
   579 | D:2      | 579 ||| Stepping randomly (stuck).
   580 | D:2      | 580 ||| Stepping randomly (stuck).
   581 | D:2      | 581 ||| Stepping randomly (stuck).
   582 | D:2      | 582 ||| Stepping randomly (stuck).
   583 | D:2      | 583 ||| Stepping randomly (stuck).
   584 | D:2      | 584 ||| Stepping randomly (stuck).
   585 | D:2      | 585 ||| Stepping randomly (stuck).
   586 | D:2      | 586 ||| Stepping randomly (stuck).
   587 | D:2      | 587 ||| Stepping randomly (stuck).
   588 | D:2      | 588 ||| Stepping randomly (stuck).
   589 | D:2      | 589 ||| Stepping randomly (stuck).
   590 | D:2      | 590 ||| Stepping randomly (stuck).
   591 | D:2      | 591 ||| Stepping randomly (stuck).
   592 | D:2      | 592 ||| Stepping randomly (stuck).
   593 | D:2      | 593 ||| Stepping randomly (stuck).
   594 | D:2      | 594 ||| Stepping randomly (stuck).
   595 | D:2      | 595 ||| Stepping randomly (stuck).
   596 | D:2      | 596 ||| Stepping randomly (stuck).
   597 | D:2      | 597 ||| Stepping randomly (stuck).
   598 | D:2      | 598 ||| Stepping randomly (stuck).
   599 | D:2      | 599 ||| Stepping randomly (stuck).
   600 | D:2      | 600 ||| Stepping randomly (stuck).
   601 | D:2      | 601 ||| Stepping randomly (stuck).
   602 | D:2      | 602 ||| Stepping randomly (stuck).
   603 | D:2      | 603 ||| Stepping randomly (stuck).
   604 | D:2      | 604 ||| Stepping randomly (stuck).
   605 | D:2      | 605 ||| Stepping randomly (stuck).
   606 | D:2      | 606 ||| Stepping randomly (stuck).
   607 | D:2      | 607 ||| Stepping randomly (stuck).
   608 | D:2      | 608 ||| Stepping randomly (stuck).
   609 | D:2      | 609 ||| Stepping randomly (stuck).
   610 | D:2      | 610 ||| Stepping randomly (stuck).
   611 | D:2      | 611 ||| Stepping randomly (stuck).
   612 | D:2      | 612 ||| Stepping randomly (stuck).
   613 | D:2      | 613 ||| Stepping randomly (stuck).
   614 | D:2      | 614 ||| Stepping randomly (stuck).
   615 | D:2      | 615 ||| Stepping randomly (stuck).
   616 | D:2      | 616 ||| Stepping randomly (stuck).
   617 | D:2      | 617 ||| Stepping randomly (stuck).
   618 | D:2      | 618 ||| Stepping randomly (stuck).
   619 | D:2      | 619 ||| Stepping randomly (stuck).
   620 | D:2      | 620 ||| Stepping randomly (stuck).
   621 | D:2      | 621 ||| Stepping randomly (stuck).
   622 | D:2      | 622 ||| Stepping randomly (stuck).
   623 | D:2      | 623 ||| Stepping randomly (stuck).
   624 | D:2      | 624 ||| Stepping randomly (stuck).
   625 | D:2      | 625 ||| Stepping randomly (stuck).
   626 | D:2      | 626 ||| Stepping randomly (stuck).
   627 | D:2      | 627 ||| Stepping randomly (stuck).
   628 | D:2      | 628 ||| Stepping randomly (stuck).
   629 | D:2      | 629 ||| Stepping randomly (stuck).
   630 | D:2      | 630 ||| Stepping randomly (stuck).
   631 | D:2      | 631 ||| Stepping randomly (stuck).
   632 | D:2      | 632 ||| Stepping randomly (stuck).
   633 | D:2      | 633 ||| Stepping randomly (stuck).
   634 | D:2      | 634 ||| Stepping randomly (stuck).
   635 | D:2      | 635 ||| Stepping randomly (stuck).
   636 | D:2      | 636 ||| Stepping randomly (stuck).
   637 | D:2      | 637 ||| Stepping randomly (stuck).
   638 | D:2      | 638 ||| Stepping randomly (stuck).
   639 | D:2      | 639 ||| Stepping randomly (stuck).
   640 | D:2      | 640 ||| Stepping randomly (stuck).
   641 | D:2      | 641 ||| Stepping randomly (stuck).
   642 | D:2      | 642 ||| Stepping randomly (stuck).
   643 | D:2      | 643 ||| Stepping randomly (stuck).
   644 | D:2      | 644 ||| Stepping randomly (stuck).
   645 | D:2      | 645 ||| Stepping randomly (stuck).
   646 | D:2      | 646 ||| Stepping randomly (stuck).
   647 | D:2      | 647 ||| Stepping randomly (stuck).
   648 | D:2      | 648 ||| Stepping randomly (stuck).
   649 | D:2      | 649 ||| Stepping randomly (stuck).
   650 | D:2      | 650 ||| Stepping randomly (stuck).
   651 | D:2      | 651 ||| Stepping randomly (stuck).
   652 | D:2      | 652 ||| Stepping randomly (stuck).
   653 | D:2      | 653 ||| Stepping randomly (stuck).
   654 | D:2      | 654 ||| Stepping randomly (stuck).
   655 | D:2      | 655 ||| Stepping randomly (stuck).
   656 | D:2      | 656 ||| Stepping randomly (stuck).
   657 | D:2      | 657 ||| Stepping randomly (stuck).
   658 | D:2      | 658 ||| Stepping randomly (stuck).
   659 | D:2      | 659 ||| Stepping randomly (stuck).
   660 | D:2      | 660 ||| Stepping randomly (stuck).
   661 | D:2      | 661 ||| Stepping randomly (stuck).
   662 | D:2      | 662 ||| Stepping randomly (stuck).
   663 | D:2      | 663 ||| Stepping randomly (stuck).
   664 | D:2      | 664 ||| Stepping randomly (stuck).
   665 | D:2      | 665 ||| Stepping randomly (stuck).
   666 | D:2      | 666 ||| Stepping randomly (stuck).
   667 | D:2      | 667 ||| Stepping randomly (stuck).
   668 | D:2      | 668 ||| Stepping randomly (stuck).
   669 | D:2      | 669 ||| Stepping randomly (stuck).
   670 | D:2      | 670 ||| Stepping randomly (stuck).
   671 | D:2      | 671 ||| Stepping randomly (stuck).
   672 | D:2      | 672 ||| Stepping randomly (stuck).
   673 | D:2      | 673 ||| Stepping randomly (stuck).
   674 | D:2      | 674 ||| Stepping randomly (stuck).
   675 | D:2      | 675 ||| Stepping randomly (stuck).
   676 | D:2      | 676 ||| Stepping randomly (stuck).
   677 | D:2      | 677 ||| Stepping randomly (stuck).
   678 | D:2      | 678 ||| Stepping randomly (stuck).
   679 | D:2      | 679 ||| Stepping randomly (stuck).
   680 | D:2      | 680 ||| Stepping randomly (stuck).
   681 | D:2      | 681 ||| Stepping randomly (stuck).
   682 | D:2      | 682 ||| Stepping randomly (stuck).
   683 | D:2      | 683 ||| Stepping randomly (stuck).
   684 | D:2      | 684 ||| Stepping randomly (stuck).
   685 | D:2      | 685 ||| Stepping randomly (stuck).
   686 | D:2      | 686 ||| Stepping randomly (stuck).
   687 | D:2      | 687 ||| Stepping randomly (stuck).
   688 | D:2      | 688 ||| Stepping randomly (stuck).
   689 | D:2      | 689 ||| Stepping randomly (stuck).
   690 | D:2      | 690 ||| Stepping randomly (stuck).
   691 | D:2      | 691 ||| Stepping randomly (stuck).
   692 | D:2      | 692 ||| Stepping randomly (stuck).
   693 | D:2      | 693 ||| Stepping randomly (stuck).
   694 | D:2      | 694 ||| Stepping randomly (stuck).
   695 | D:2      | 695 ||| Stepping randomly (stuck).
   696 | D:2      | 696 ||| Stepping randomly (stuck).
   697 | D:2      | 697 ||| Stepping randomly (stuck).
   698 | D:2      | 698 ||| Stepping randomly (stuck).
   699 | D:2      | 699 ||| Stepping randomly (stuck).
   700 | D:2      | 700 ||| Stepping randomly (stuck).
   701 | D:2      | 701 ||| Stepping randomly (stuck).
   702 | D:2      | 702 ||| Stepping randomly (stuck).
   703 | D:2      | 703 ||| Stepping randomly (stuck).
   706 | D:2      | 706 ||| FLEEEEING.
   708 | D:2      | 708 ||| FLEEEEING.
   709 | D:2      | 709 ||| Stepping ~*~*~tactically~*~*~ (stealth).
   710 | D:2      | 710 ||| FLEEEEING.
   711 | D:2      | 711 ||| FLEEEEING.
   712 | D:2      | 712 ||| FLEEEEING.
   713 | D:2      | 713 ||| FLEEEEING.
   714 | D:2      | 714 ||| STAIRDANCE
   752 | D:1      | 752 ||| SHOPLISTING +0 helmet (45 gold, have 36).
   752 | D:1      | 752 ||| BUYING scroll of identify (20 gold).
   752 | D:1      | Bought a scroll of identify for 20 gold pieces
   770 | D:1      | Reached skill level 3 in Axes
   821 | D:1      | 821 ||| FLEEEEING.
   827 | D:1      | Reached XP level 3. HP: 19/23 MP: 3/3
  1076 | D:1      | 1076 ||| READING scroll labelled YXTUTO DIOCAGU.
  1077 | D:1      | 1077 ||| READING scroll labelled ESHYUNIRAU.
  1078 | D:1      | 1078 ||| READING scroll labelled WAD GAOFOIFUGA.
  1078 | D:1      | Identified a scroll of acquirement
  1078 | D:1      | 1078 ||| ACQUIRING +2 pair of gloves of Istoziut {Will+}
  1078 | D:1      | Acquired the +2 pair of gloves of Istoziut {Will+}
  1080 | D:1      | 1080 ||| UPGRADING to +2 pair of gloves of Istoziut
                  | {Will+}.
  1110 | D:2      | Noticed Sigmund
  1111 | D:2      | 1111 ||| Stepping ~*~*~tactically~*~*~ (hiding).
  1116 | D:2      | Killed Sigmund
  1117 | D:2      | Reached XP level 4. HP: 23/28 MP: 4/4
  1117 | D:2      | Reached XP level 5. HP: 26/32 MP: 5/5
  1165 | D:2      | 1165 ||| Stepping ~*~*~tactically~*~*~ (hiding).
  1166 | D:2      | 1166 ||| Stepping ~*~*~tactically~*~*~ (hiding).
  1182 | D:2      | 1182 ||| Stepping ~*~*~tactically~*~*~ (stealth).
  1186 | D:2      | 1186 ||| Stepping ~*~*~tactically~*~*~ (stealth).
  1221 | D:2      | Reached XP level 6. HP: 38/38 MP: 6/6
  1223 | D:2      | 1223 ||| DROPPING +0 club.
  1227 | D:2      | 1227 ||| DROPPING +0 whip.
  1275 | D:2      | Found Zebul's Assorted Antiques.
  1282 | D:2      | 1282 ||| SHOPLISTING pink potion (21 gold, have 16).
  1282 | D:2      | 1282 ||| SHOPLISTING scroll of teleportation (72 gold, have
                  | 16).
  1302 | D:2      | 1302 ||| Stepping ~*~*~tactically~*~*~ (stealth).
  1309 | D:2      | 1309 ||| Stepping ~*~*~tactically~*~*~ (stealth).
  1311 | D:2      | 1311 ||| Stepping ~*~*~tactically~*~*~ (stealth).
  1333 | D:2      | 1333 ||| Stepping ~*~*~tactically~*~*~ (hiding).
  1445 | D:2      | 1445 ||| Stepping ~*~*~tactically~*~*~ (hiding).
  1477 | D:2      | Noticed Jessica
  1480 | D:2      | Killed Jessica
  1481 | D:2      | Reached skill level 1 in Dodging
  1610 | D:2      | 1610 ||| SWAPPING to +1 war axe of draining.
  1611 | D:2      | 1611 ||| DROPPING +1 war axe.
  1751 | D:2      | 1751 ||| UPGRADING to +0 cloak.
  1756 | D:2      | 1756 ||| UPGRADING to +0 helmet.
  1761 | D:2      | 1761 ||| UPGRADING to +0 chain mail.
  1771 | D:2      | 1771 ||| DROPPING +0 scale mail.
  1772 | D:2      | 1772 ||| READING scroll labelled TOTWAP EXA.
  1802 | D:2      | 1802 ||| READING scroll labelled ELIMPACIAT.
  1823 | D:3      | 1823 ||| PLANNING SEWER
  1872 | D:3      | Found a glowing drain.
  1873 | D:3      | 1873 ||| READING scroll labelled SEBITO OFAER.
  1898 | Sewer    | Entered a sewer
  1946 | Sewer    | Noticed a water moccasin
  1956 | Sewer    | Killed a water moccasin
  1978 | Sewer    | 1978 ||| READING 2 scrolls of identify.
  1978 | Sewer    | 1978 ||| IDENTIFYING fuming dark potion
  1979 | Sewer    | 1979 ||| DROPPING potion of flight.
  2000 | D:3      | 2000 ||| PLANNING D:1-11
  2039 | D:3      | Reached skill level 6 in Axes
  2039 | D:3      | Reached XP level 7. HP: 43/43 MP: 7/7
  2045 | D:3      | Found Radoj Tenn's Antique Weapon Emporium.
  2054 | D:3      | 2054 ||| SHOPLISTING glowing flail (136 gold, have 113).
  2054 | D:3      | 2054 ||| SHOPLISTING runed whip (115 gold, have 113).
  2383 | D:3      | 2383 ||| Stepping ~*~*~tactically~*~*~ (hiding).
  2428 | D:3      | 2428 ||| Stepping ~*~*~tactically~*~*~ (stealth).
  2498 | D:3      | Found a basalt altar of Yredelemnul.
  2506 | D:3      | Found a shadowy altar of Dithmenos.
  2507 | D:3      | Found a shimmering blue altar of Sif Muna.
  2573 | D:3      | 2573 ||| DRINKING 2 pink potions.
  2574 | D:3      | 2574 ||| DRINKING 2 dark potions.
  2575 | D:3      | 2575 ||| READING 2 scrolls of identify.
  2575 | D:3      | 2575 ||| IDENTIFYING murky dark potion
  2583 | D:4      | 2583 ||| Stepping ~*~*~tactically~*~*~ (stealth).
  2617 | D:4      | Noticed qw's ghost (amateur GrFi)
  2635 | D:4      | Found a transporter.
  2809 | D:4      | 2809 ||| FLEEEEING.
  2875 | D:4      | 2875 ||| Stepping ~*~*~tactically~*~*~ (stealth).
  2876 | D:4      | 2876 ||| Stepping ~*~*~tactically~*~*~ (stealth).
  2884 | D:4      | 2884 ||| Stepping ~*~*~tactically~*~*~ (hiding).
  2953 | D:4      | Found a transporter.
  2955 | D:4      | 2955 ||| Stepping ~*~*~tactically~*~*~ (stealth).
  2956 | D:4      | 2956 ||| Stepping ~*~*~tactically~*~*~ (stealth).
  2964 | D:4      | Reached XP level 8. HP: 48/49 MP: 8/8
  2999 | D:4      | Reached skill level 1 in Throwing
  3158 | D:4      | 3158 ||| Stepping ~*~*~tactically~*~*~ (stealth).
  3181 | D:4      | 3181 ||| Stepping ~*~*~tactically~*~*~ (stealth).
  3183 | D:4      | 3183 ||| Stepping ~*~*~tactically~*~*~ (stealth).
  3192 | D:4      | 3192 ||| Stepping ~*~*~tactically~*~*~ (stealth).
  3265 | D:4      | 3265 ||| UPGRADING to +0 gold dragon scales.
  3275 | D:4      | 3275 ||| DROPPING +0 chain mail.
  3276 | D:4      | 3276 ||| DROPPING ring of magical power.
  3303 | D:5      | Entered Level 5 of the Dungeon
  3303 | D:5      | Found a staircase to the Ecumenical Temple.
  3304 | D:5      | 3304 ||| PLANNING TEMPLE
  3304 | D:5      | 3304 ||| STAIRDANCE
  3307 | D:4      | HP: 11/49 [ogre/+0 giant spiked club (18)]
  3308 | D:4      | 3308 ||| DRINKING potion of heal wounds.
  3368 | D:5      | 3368 ||| STAIRDANCE
  3384 | D:4      | 3384 ||| DROPPING +0 flail.
  3388 | D:5      | 3388 ||| STAIRDANCE
  3394 | D:4      | Reached skill level 6 in Armour
  3425 | D:5      | 3425 ||| STAIRDANCE
  3429 | D:5      | 3429 ||| STAIRDANCE
  3436 | D:5      | 3436 ||| STAIRDANCE
  3458 | Temple   | Entered the Ecumenical Temple
  3572 | Temple   | 3572 ||| PLANNING D:1-11
  3757 | D:5      | 3757 ||| FLEEEEING.
  3762 | D:5      | 3762 ||| FLEEEEING.
  3763 | D:5      | 3763 ||| FLEEEEING.
  3764 | D:5      | 3764 ||| FLEEEEING.
  3772 | D:5      | 3772 ||| STAIRDANCE
  3805 | D:4      | 3805 ||| READING scroll labelled BAMEAX MENE.
  3906 | D:4      | 3906 ||| READING scroll labelled YDDUYH CATYRHALUMM.
  3910 | D:5      | 3910 ||| Stepping ~*~*~tactically~*~*~ (hiding).
  3911 | D:5      | 3911 ||| Stepping ~*~*~tactically~*~*~ (hiding).
  3912 | D:5      | 3912 ||| Stepping ~*~*~tactically~*~*~ (hiding).
  3923 | D:5      | Found an iron altar of Okawaru.
  3924 | D:5      | 3924 ||| PLANNING OKAWARU WORSHIP
  3931 | D:5      | Became a worshipper of Warmaster Okawaru
  3931 | D:5      | 3931 ||| PLANNING D:1-11
  3947 | D:5      | 3947 ||| Stepping ~*~*~tactically~*~*~ (stealth).
  3960 | D:5      | 3960 ||| Stepping ~*~*~tactically~*~*~ (stealth).
  3997 | D:5      | Noticed a wyvern
  4006 | D:5      | Killed a wyvern
  4007 | D:5      | Reached XP level 9. HP: 44/54 MP: 9/9
  4056 | D:5      | 4056 ||| Stepping ~*~*~tactically~*~*~ (stealth).
  4243 | D:5      | Reached skill level 6 in Fighting
  4298 | D:5      | 4298 ||| READING scroll labelled MUPOGG GAUTU.
  4299 | D:5      | 4299 ||| DRINKING 2 emerald potions.
  4347 | D:6      | 4347 ||| Stepping ~*~*~tactically~*~*~ (stealth).
  4481 | D:6      | 4481 ||| Stepping ~*~*~tactically~*~*~ (hiding).
  4487 | D:6      | Reached * piety under Okawaru
  4488 | D:6      | 4488 ||| INVOKING Heroism.
  4583 | D:6      | Reached skill level 1 in Invocations
  4597 | D:6      | Found a glowing silver altar of Zin.
  4762 | D:6      | 4762 ||| Stepping ~*~*~tactically~*~*~ (stealth).
  4775 | D:6      | 4775 ||| INVOKING Heroism.
  4926 | D:6      | Reached skill level 9 in Axes
  4926 | D:6      | Reached skill level 3 in Invocations
  4930 | D:6      | Reached skill level 4 in Shields
  5068 | D:6      | Found a burning altar of Makhleb.
  5091 | D:6      | Reached ** piety under Okawaru
  5228 | D:6      | 5228 ||| DRINKING 3 sedimented coppery potions.
  5229 | D:6      | 5229 ||| DRINKING 2 bubbling pink potions.
  5230 | D:6      | 5230 ||| DROPPING 2 potions of invisibility.
  5244 | D:7      | 5244 ||| INVOKING Heroism.
  5247 | D:7      | Reached XP level 10. HP: 61/61 MP: 10/13
  5291 | D:7      | Found a hide-covered altar of Uskayaw.
  5300 | D:7      | 5300 ||| INVOKING Heroism.
  5415 | D:7      | 5415 ||| Stepping ~*~*~tactically~*~*~ (stealth).
  5460 | D:7      | 5460 ||| Stepping ~*~*~tactically~*~*~ (stealth).
  5465 | D:7      | 5465 ||| INVOKING Heroism.
  5658 | D:7      | Found a transporter.
  5668 | D:7      | Found a transporter.
  5668 | D:7      | Noticed qw's ghost (novice GrFi)
  5745 | D:7      | 5745 ||| Stepping ~*~*~tactically~*~*~ (hiding).
  5746 | D:7      | 5746 ||| Stepping ~*~*~tactically~*~*~ (hiding).
  5747 | D:7      | 5747 ||| Stepping ~*~*~tactically~*~*~ (hiding).
  5754 | D:7      | 5754 ||| FLEEEEING.
  5755 | D:7      | 5755 ||| FLEEEEING.
  5756 | D:7      | 5756 ||| FLEEEEING.
  5757 | D:7      | 5757 ||| FLEEEEING.
  5835 | D:7      | 5835 ||| Stepping ~*~*~tactically~*~*~ (stealth).
  5847 | D:7      | 5847 ||| INVOKING Heroism.
  6261 | D:7      | 6261 ||| UPGRADING to +2 tower shield.
  6271 | D:7      | 6271 ||| DROPPING +0 buckler.
  6272 | D:7      | 6272 ||| READING 3 scrolls of identify.
  6272 | D:7      | 6272 ||| IDENTIFYING bubbling yellow potion
  6273 | D:7      | 6273 ||| READING 2 scrolls of identify.
  6273 | D:7      | 6273 ||| IDENTIFYING fizzy ruby potion
  6274 | D:7      | 6274 ||| DROPPING potion of ambrosia.
  6275 | D:7      | 6275 ||| DROPPING potion of brilliance.
  6326 | D:8      | 6326 ||| Stepping ~*~*~tactically~*~*~ (stealth).
  6327 | D:8      | 6327 ||| Stepping ~*~*~tactically~*~*~ (stealth).
  6329 | D:8      | 6329 ||| Stepping ~*~*~tactically~*~*~ (hiding).
  6351 | D:8      | 6351 ||| Stepping ~*~*~tactically~*~*~ (stealth).
  6354 | D:8      | 6354 ||| Stepping ~*~*~tactically~*~*~ (hiding).
  6355 | D:8      | 6355 ||| Stepping ~*~*~tactically~*~*~ (hiding).
  6523 | D:8      | 6523 ||| Stepping ~*~*~tactically~*~*~ (hiding).
  6583 | D:8      | Reached skill level 5 in Shields
  6593 | D:8      | Reached skill level 6 in Shields
  6987 | D:8      | Noticed a two-headed ogre
  6988 | D:8      | 6988 ||| INVOKING Heroism.
  6995 | D:8      | Killed a two-headed ogre
  6996 | D:8      | Reached skill level 7 in Shields
  7110 | D:8      | Reached skill level 8 in Shields
  7119 | D:8      | 7119 ||| INVOKING Heroism.
  7228 | D:8      | 7228 ||| UPGRADING to amulet of faith.
  7233 | D:8      | 7233 ||| READING scroll labelled LOAG GUFUESCHI.
  7387 | D:9      | 7387 ||| Stepping ~*~*~tactically~*~*~ (hiding).
  7398 | D:9      | 7398 ||| Stepping ~*~*~tactically~*~*~ (hiding).
  7410 | D:9      | Reached XP level 11. HP: 67/67 MP: 14/14
  7420 | D:9      | 7420 ||| Stepping ~*~*~tactically~*~*~ (hiding).
  7422 | D:9      | 7422 ||| Stepping ~*~*~tactically~*~*~ (hiding).
  7425 | D:9      | 7425 ||| Stepping ~*~*~tactically~*~*~ (hiding).
  7449 | D:9      | Reached skill level 9 in Shields
  7468 | D:9      | 7468 ||| FLEEEEING.
  7469 | D:9      | 7469 ||| FLEEEEING.
  7470 | D:9      | 7470 ||| FLEEEEING.
  7471 | D:9      | 7471 ||| FLEEEEING.
  7472 | D:9      | 7472 ||| FLEEEEING.
  7473 | D:9      | 7473 ||| FLEEEEING.
  7474 | D:9      | 7474 ||| FLEEEEING.
  7475 | D:9      | 7475 ||| FLEEEEING.
  7476 | D:9      | 7476 ||| FLEEEEING.
  7477 | D:9      | 7477 ||| FLEEEEING.
  7478 | D:9      | 7478 ||| STAIRDANCE
  7603 | D:8      | 7603 ||| READING scroll labelled OVYANIE ARRU.
  7608 | D:9      | 7608 ||| STAIRDANCE
  7777 | D:9      | 7777 ||| Stepping ~*~*~tactically~*~*~ (stealth).
  7779 | D:9      | 7779 ||| Stepping ~*~*~tactically~*~*~ (hiding).
  7782 | D:9      | 7782 ||| Stepping ~*~*~tactically~*~*~ (hiding).
  7783 | D:9      | 7783 ||| INVOKING Heroism.
  8162 | D:10     | Entered Level 10 of the Dungeon
  8198 | D:10     | 8198 ||| Stepping ~*~*~tactically~*~*~ (hiding).
  8202 | D:10     | 8202 ||| INVOKING Heroism.
  8205 | D:10     | Noticed a two-headed ogre
  8214 | D:10     | Killed a two-headed ogre
  8214 | D:10     | Noticed a two-headed ogre
  8215 | D:10     | Reached skill level 10 in Shields
  8225 | D:10     | Killed a two-headed ogre
  8225 | D:10     | Reached *** piety under Okawaru
  8241 | D:10     | 8241 ||| Stepping ~*~*~tactically~*~*~ (stealth).
  8627 | D:10     | 8627 ||| Stepping ~*~*~tactically~*~*~ (hiding).
  8634 | D:10     | 8634 ||| INVOKING Heroism.
  8669 | D:10     | Found a staircase to the Lair.
  8670 | D:10     | 8670 ||| Stepping ~*~*~tactically~*~*~ (hiding).
  8677 | D:10     | 8677 ||| INVOKING Heroism.
  8683 | D:10     | Reached skill level 11 in Shields
  8698 | D:10     | 8698 ||| Stepping ~*~*~tactically~*~*~ (hiding).
  8701 | D:10     | 8701 ||| Stepping ~*~*~tactically~*~*~ (hiding).
  8702 | D:10     | 8702 ||| Stepping ~*~*~tactically~*~*~ (hiding).
  8791 | D:10     | Identified the +7 battleaxe "Puaser" {heavy, Fragile
                  | Will+++ MP+9 SInv}
  8800 | D:10     | 8800 ||| Stepping ~*~*~tactically~*~*~ (stealth).
  8802 | D:10     | 8802 ||| Stepping ~*~*~tactically~*~*~ (stealth).
  8827 | D:10     | 8827 ||| Stepping ~*~*~tactically~*~*~ (stealth).
  8828 | D:10     | 8828 ||| Stepping ~*~*~tactically~*~*~ (stealth).
  8830 | D:10     | 8830 ||| Stepping ~*~*~tactically~*~*~ (hiding).
  8847 | D:10     | 8847 ||| INVOKING Heroism.
  9031 | D:10     | 9031 ||| Stepping ~*~*~tactically~*~*~ (stealth).
  9042 | D:10     | Noticed Psyche
  9043 | D:10     | 9043 ||| INVOKING Heroism.
  9047 | D:10     | Killed Psyche
  9060 | D:10     | 9060 ||| READING scroll of acquirement.
  9060 | D:10     | 9060 ||| ACQUIRING +2 pair of boots of flying
  9060 | D:10     | Acquired a +2 pair of boots of flying
  9088 | D:10     | Reached skill level 12 in Shields
  9090 | D:10     | 9090 ||| DROPPING +0 morningstar.
  9512 | D:10     | 9512 ||| PLANNING LAIR
  9512 | D:10     | 9512 ||| UPGRADING to +2 pair of boots of flying.
  9517 | D:10     | 9517 ||| READING 3 scrolls of identify.
  9517 | D:10     | 9517 ||| IDENTIFYING coppery potion
  9569 | Lair:1   | Entered Level 1 of the Lair of Beasts
  9580 | Lair:1   | Reached **** piety under Okawaru
  9597 | Lair:1   | 9597 ||| INVOKING Heroism.
  9644 | Lair:1   | 9644 ||| INVOKING Heroism.
  9760 | Lair:1   | 9760 ||| Stepping ~*~*~tactically~*~*~ (stealth).
  9761 | Lair:1   | 9761 ||| Stepping ~*~*~tactically~*~*~ (stealth).
  9763 | Lair:1   | 9763 ||| INVOKING Heroism.
  9816 | Lair:1   | 9816 ||| INVOKING Heroism.
  9936 | Lair:1   | 9936 ||| INVOKING Heroism.
  9994 | Lair:1   | 9994 ||| INVOKING Heroism.
 10004 | Lair:1   | Reached skill level 9 in Armour
 10004 | Lair:1   | Reached XP level 12. HP: 64/72 MP: 14/16
 10068 | Lair:1   | 10068 ||| INVOKING Heroism.
 10087 | Lair:1   | 10087 ||| INVOKING Heroism.
 10131 | Lair:1   | Reached skill level 6 in Invocations
 10356 | Lair:1   | 10356 ||| UPGRADING to scarf of resistance.
 10366 | Lair:1   | 10366 ||| DROPPING +2 pair of boots.
 10367 | Lair:1   | 10367 ||| READING scroll labelled ISHRYE VONKY.
 10396 | Lair:2   | 10396 ||| Stepping ~*~*~tactically~*~*~ (stealth).
 10398 | Lair:2   | 10398 ||| Stepping ~*~*~tactically~*~*~ (stealth).
 10497 | Lair:2   | Identified the +2 plate armour of Okawaru's Reproof {rC+
                  | Will+ rCorr}
 10747 | Lair:2   | 10747 ||| SWAPPING to +0 broad axe.
 10751 | Lair:2   | Found a staircase to the Snake Pit.
 10757 | Lair:2   | 10757 ||| INVOKING Heroism.
 10777 | Lair:2   | 10777 ||| INVOKING Heroism.
 10781 | Lair:2   | Reached skill level 13 in Shields
 10938 | Lair:2   | 10938 ||| DROPPING +1 war axe of draining.
 10973 | Lair:2   | 10973 ||| INVOKING Heroism.
 11378 | Lair:2   | Received a gift from Okawaru
 11719 | Lair:2   | 11719 ||| UPGRADING to +2 plate armour of Okawaru's Reproof
                  | {rC+ Will+ rCorr}.
 11729 | Lair:2   | 11729 ||| DROPPING +0 acid dragon scales.
 11806 | Lair:3   | Noticed Gastronok
 11807 | Lair:3   | 11807 ||| Stepping ~*~*~tactically~*~*~ (hiding).
 11817 | Lair:3   | 11817 ||| INVOKING Heroism.
 11846 | Lair:3   | 11846 ||| INVOKING Heroism.
 11848 | Lair:3   | Killed Gastronok
 11849 | Lair:3   | Reached ***** piety under Okawaru
 12015 | Lair:3   | 12015 ||| Stepping ~*~*~tactically~*~*~ (hiding).
 12146 | Lair:3   | Noticed a death yak
 12146 | Lair:3   | 12146 ||| INVOKING Heroism.
 12147 | Lair:3   | Noticed a death yak
 12147 | Lair:3   | Noticed a death yak
 12148 | Lair:3   | Noticed a death yak
 12149 | Lair:3   | Noticed a death yak
 12149 | Lair:3   | Noticed a death yak
 12163 | Lair:3   | Killed a death yak
 12163 | Lair:3   | Killed a death yak
 12164 | Lair:3   | 12164 ||| INVOKING Finesse.
 12173 | Lair:3   | Killed a death yak
 12174 | Lair:3   | Reached skill level 9 in Invocations
 12175 | Lair:3   | Killed a death yak
 12182 | Lair:3   | Killed a death yak
 12185 | Lair:3   | 12185 ||| INVOKING Heroism.
 12189 | Lair:3   | Killed a death yak
 12190 | Lair:3   | Reached XP level 13. HP: 20/78 MP: 13/20
 12392 | Lair:3   | 12392 ||| INVOKING Heroism.
 12408 | Lair:3   | 12408 ||| Stepping ~*~*~tactically~*~*~ (stealth).
 12417 | Lair:3   | Received a gift from Okawaru
 12420 | Lair:3   | Reached skill level 3 in Throwing
 12424 | Lair:3   | Found a staircase to the Swamp.
 12476 | Lair:3   | 12476 ||| DROPPING +5 broad axe of distortion.
 12596 | Lair:3   | 12596 ||| INVOKING Heroism.
 12597 | Lair:3   | 12597 ||| INVOKING Finesse.
 12604 | Lair:3   | 12604 ||| SWAPPING to +3 morningstar.
 12612 | Lair:3   | 12612 ||| SWAPPING to +0 broad axe.
 12656 | Lair:3   | Found a burning altar of Makhleb.
 12669 | Lair:3   | 12669 ||| READING scroll of enchant weapon.
 12669 | Lair:3   | 12669 ||| ENCHANTING +0 broad axe.
 12715 | Lair:3   | 12715 ||| INVOKING Heroism.
 12856 | Lair:3   | 12856 ||| INVOKING Heroism.
 13038 | Lair:3   | 13038 ||| INVOKING Heroism.
 13249 | Lair:3   | 13249 ||| Stepping ~*~*~tactically~*~*~ (stealth).
 13260 | Lair:3   | Reached skill level 9 in Fighting
 13400 | Lair:3   | 13400 ||| READING scroll labelled INNOIT JOXIEZA.
 13424 | Lair:4   | 13424 ||| INVOKING Heroism.
 13431 | Lair:4   | Reached skill level 14 in Shields
 13507 | Lair:4   | 13507 ||| FLEEEEING.
 13508 | Lair:4   | 13508 ||| STAIRDANCE
 13615 | Lair:4   | 13615 ||| INVOKING Heroism.
 13710 | Lair:4   | Found a runed translucent door.
 13710 | Lair:4   | Found a viscous altar of Jiyva.
 13723 | Lair:4   | 13723 ||| INVOKING Heroism.
 13869 | Lair:4   | 13869 ||| INVOKING Heroism.
 14125 | Lair:4   | Received a gift from Okawaru
 14201 | Lair:4   | 14201 ||| INVOKING Heroism.
 14298 | Lair:4   | Found a staircase to the Slime Pits.
 14314 | Lair:4   | 14314 ||| INVOKING Heroism.
 14326 | Lair:4   | Reached skill level 12 in Axes
 14762 | Lair:4   | 14762 ||| READING 8 scrolls of identify.
 14762 | Lair:4   | 14762 ||| IDENTIFYING bubbling orange potion
 14763 | Lair:4   | 14763 ||| DROPPING potion of degeneration.
 14786 | Lair:5   | Entered Level 5 of the Lair of Beasts
 14787 | Lair:5   | 14787 ||| INVOKING Heroism.
 14827 | Lair:5   | Received a gift from Okawaru
 14927 | Lair:5   | 14927 ||| INVOKING Heroism.
 14928 | Lair:5   | 14928 ||| INVOKING Finesse.
 14933 | Lair:5   | 14933 ||| Stepping ~*~*~tactically~*~*~ (stealth).
 14958 | Lair:5   | 14958 ||| Stepping ~*~*~tactically~*~*~ (stealth).
 14959 | Lair:5   | Noticed Kirke
 14960 | Lair:5   | 14960 ||| Stepping ~*~*~tactically~*~*~ (stealth).
 14961 | Lair:5   | 14961 ||| Stepping ~*~*~tactically~*~*~ (stealth).
 14962 | Lair:5   | 14962 ||| Stepping ~*~*~tactically~*~*~ (stealth).
 14987 | Lair:5   | 14987 ||| INVOKING Finesse.
 14990 | Lair:5   | Gained mutation: Your large and strong wings let you fly.
                  | [Gargoyle growth]
 14990 | Lair:5   | Reached XP level 14. HP: 75/88 MP: 15/21
 14998 | Lair:5   | Killed Kirke
 14999 | Lair:5   | Reached skill level 15 in Shields
 15014 | Lair:5   | 15014 ||| INVOKING Heroism.
 15207 | Lair:5   | 15207 ||| Stepping ~*~*~tactically~*~*~ (stealth).
 15217 | Lair:5   | 15217 ||| Stepping ~*~*~tactically~*~*~ (stealth).
 15220 | Lair:5   | 15220 ||| Stepping ~*~*~tactically~*~*~ (stealth).
 15238 | Lair:5   | 15238 ||| INVOKING Heroism.
 15410 | Lair:5   | Received a gift from Okawaru
 15462 | Lair:5   | 15462 ||| Stepping ~*~*~tactically~*~*~ (stealth).
 15508 | Lair:5   | 15508 ||| INVOKING Heroism.
 15604 | Lair:5   | 15604 ||| Stepping ~*~*~tactically~*~*~ (hiding).
 15853 | Lair:5   | 15853 ||| INVOKING Heroism.
 15854 | Lair:5   | 15854 ||| INVOKING Finesse.
 15865 | Lair:5   | 15865 ||| SWAPPING to +3 morningstar.
 15875 | Lair:5   | 15875 ||| SWAPPING to +1 broad axe.
 15979 | Lair:5   | 15979 ||| FLEEEEING.
 15980 | Lair:5   | 15980 ||| FLEEEEING.
 15981 | Lair:5   | 15981 ||| FLEEEEING.
 15982 | Lair:5   | 15982 ||| FLEEEEING.
 15983 | Lair:5   | 15983 ||| FLEEEEING.
 15987 | Lair:5   | 15987 ||| FLEEEEING.
 15988 | Lair:5   | 15988 ||| FLEEEEING.
 15989 | Lair:5   | 15989 ||| FLEEEEING.
 15990 | Lair:5   | 15990 ||| FLEEEEING.
 15991 | Lair:5   | 15991 ||| FLEEEEING.
 15992 | Lair:5   | 15992 ||| FLEEEEING.
 15993 | Lair:5   | 15993 ||| FLEEEEING.
 15994 | Lair:5   | 15994 ||| FLEEEEING.
 15996 | Lair:5   | 15996 ||| FLEEEEING.
 15997 | Lair:5   | 15997 ||| FLEEEEING.
 15998 | Lair:5   | 15998 ||| FLEEEEING.
 15999 | Lair:5   | 15999 ||| FLEEEEING.
 16000 | Lair:5   | 16000 ||| STAIRDANCE
 16093 | Lair:4   | 16093 ||| DROPPING +1 pair of gloves of stealth.
 16102 | Lair:5   | 16102 ||| STAIRDANCE
 16160 | Lair:5   | Found a runed translucent gate.
 16161 | Lair:5   | Found a runed translucent gate.
 16162 | Lair:5   | Found a runed translucent gate.
 16227 | Lair:5   | 16227 ||| Stepping ~*~*~tactically~*~*~ (stealth).
 16240 | Lair:5   | 16240 ||| INVOKING Heroism.
 16519 | Lair:5   | Noticed qw's ghost (journeyman GrFi)
 16652 | Lair:5   | 16652 ||| Stepping ~*~*~tactically~*~*~ (hiding).
 16655 | Lair:5   | 16655 ||| Stepping ~*~*~tactically~*~*~ (hiding).
 16679 | Lair:5   | 16679 ||| INVOKING Heroism.
 16712 | Lair:5   | 16712 ||| Stepping ~*~*~tactically~*~*~ (stealth).
 16713 | Lair:5   | 16713 ||| Stepping ~*~*~tactically~*~*~ (stealth).
 16739 | Lair:5   | 16739 ||| Stepping ~*~*~tactically~*~*~ (stealth).
 16814 | Lair:5   | 16814 ||| Stepping ~*~*~tactically~*~*~ (stealth).
 16882 | Lair:5   | Found a corrupted altar of Lugonu.
 16882 | Lair:5   | Found a one-way gate to the infinite horrors of the Abyss.
 17182 | Lair:5   | 17182 ||| PLANNING D:1-11
 17302 | D:11     | 17302 ||| FLEEEEING.
 17303 | D:11     | 17303 ||| FLEEEEING.
 17304 | D:11     | 17304 ||| FLEEEEING.
 17305 | D:11     | 17305 ||| FLEEEEING.
 17306 | D:11     | 17306 ||| STAIRDANCE
 17380 | D:11     | Found a staircase to the Orcish Mines.
 17436 | D:11     | 17436 ||| READING scroll of enchant armour.
 17436 | D:11     | 17436 ||| ENCHANTING +0 helmet.
 17558 | D:11     | 17558 ||| Stepping ~*~*~tactically~*~*~ (stealth).
 17713 | D:11     | Identified the +0 ring mail of Peek-a-Boo {rPois rN+ Regen+
                  | Str-4}
 18053 | D:11     | 18053 ||| PLANNING D
 18053 | D:11     | 18053 ||| DROPPING scarf of harm.
 18054 | D:11     | 18054 ||| DRINKING 2 grey potions.
 18091 | D:12     | 18091 ||| PLANNING GAUNTLET
 18100 | D:12     | 18100 ||| Stepping ~*~*~tactically~*~*~ (stealth).
 18125 | D:12     | 18125 ||| INVOKING Heroism.
 18129 | D:12     | Identified the +1 robe of the Four Artists {-Tele rElec
                  | Str+7 Int-3} (Okawaru gifted it to you on level 12 of the
                  | Dungeon)
 18129 | D:12     | Received a gift from Okawaru
 18225 | D:12     | Identified the -2 pair of gloves "Reir" {rPois rF- Int+8
                  | Dex+3}
 18235 | D:12     | Found a transporter.
 18235 | D:12     | Noticed Nyg Tys's ghost (journeyman MiBe)
 18261 | D:12     | 18261 ||| Stepping ~*~*~tactically~*~*~ (hiding).
 18263 | D:12     | 18263 ||| Stepping ~*~*~tactically~*~*~ (hiding).
 18266 | D:12     | 18266 ||| Stepping ~*~*~tactically~*~*~ (hiding).
 18420 | D:12     | 18420 ||| Stepping ~*~*~tactically~*~*~ (hiding).
 18421 | D:12     | 18421 ||| Stepping ~*~*~tactically~*~*~ (hiding).
 18422 | D:12     | 18422 ||| Stepping ~*~*~tactically~*~*~ (hiding).
 18648 | D:12     | 18648 ||| RIP GAUNTLET
 18653 | D:12     | 18653 ||| PLANNING D
 18657 | D:12     | 18657 ||| INVOKING Heroism.
 18659 | D:12     | 18659 ||| READING 5 scrolls of teleportation.
 18797 | D:12     | Found a transporter.
 18821 | D:12     | 18821 ||| INVOKING Heroism.
 18823 | D:12     | 18823 ||| READING 4 scrolls of teleportation.
 18871 | D:12     | 18871 ||| Stepping ~*~*~tactically~*~*~ (hiding).
 18880 | D:12     | 18880 ||| Stepping ~*~*~tactically~*~*~ (stealth).
 18886 | D:12     | 18886 ||| Stepping ~*~*~tactically~*~*~ (hiding).
 18898 | D:12     | 18898 ||| Stepping ~*~*~tactically~*~*~ (hiding).
 19023 | D:12     | 19023 ||| Stepping ~*~*~tactically~*~*~ (stealth).
 19035 | D:12     | 19035 ||| Stepping ~*~*~tactically~*~*~ (stealth).
 19094 | D:12     | 19094 ||| Stepping ~*~*~tactically~*~*~ (stealth).
 19097 | D:12     | 19097 ||| INVOKING Heroism.
 19101 | D:12     | 19101 ||| READING 3 scrolls of teleportation.
 19189 | D:12     | 19189 ||| DROPPING -2 pair of gloves "Reir" {rPois rF-
                  | Int+8 Dex+3}.
 19190 | D:12     | 19190 ||| DROPPING amulet of regeneration.
 19206 | D:13     | Noticed Nessos
 19207 | D:13     | 19207 ||| Stepping ~*~*~tactically~*~*~ (hiding).
 19259 | D:13     | Killed Nessos
 19342 | D:13     | Found a frozen archway.
 19617 | D:13     | 19617 ||| READING scroll of enchant armour.
 19617 | D:13     | 19617 ||| ENCHANTING +1 helmet.
 19724 | D:13     | Noticed Maurice
 19730 | D:13     | 19730 ||| Stepping ~*~*~tactically~*~*~ (hiding).
 19766 | D:13     | Killed Maurice
 19767 | D:13     | Reached XP level 15. HP: 92/93 MP: 22/22
 19869 | D:13     | Identified the +5 flail of the Exiled Artists {venom, rF++}
 19886 | D:13     | Found a gate to the Vaults.
 20023 | D:13     | Noticed Jorgrun
 20024 | D:13     | 20024 ||| Stepping ~*~*~tactically~*~*~ (hiding).
 20027 | D:13     | 20027 ||| INVOKING Heroism.
 20039 | D:13     | Killed Jorgrun
 20223 | D:14     | Noticed Snorg
 20226 | D:14     | 20226 ||| INVOKING Heroism.
 20245 | D:14     | Killed Snorg
 20301 | D:14     | 20301 ||| INVOKING Heroism.
 20497 | D:14     | Found a shimmering altar of Xom.
 20499 | D:14     | Found an ancient bone altar of Kikubaaqudgha.
 20499 | D:14     | Found a burning altar of Makhleb.
 20501 | D:14     | Found a stormy altar of Qazlal.
 20501 | D:14     | Found a sparkling altar of Nemelex Xobeh.
 20501 | D:14     | Found a shimmering altar of Xom.
 20532 | D:14     | 20532 ||| INVOKING Heroism.
 20537 | D:14     | Reached skill level 16 in Shields
 20552 | D:14     | Received a gift from Okawaru
 20572 | D:14     | HP: 13/95 [skeletal warrior/+0 dire flail (19)]
 20573 | D:14     | 20573 ||| READING 3 scrolls of teleportation.
 20574 | D:14     | 20574 ||| DRINKING 6 potions of heal wounds.
 21183 | D:15     | Entered Level 15 of the Dungeon
 21201 | D:15     | 21201 ||| Stepping ~*~*~tactically~*~*~ (hiding).
 21365 | D:15     | Found a sparkling altar of Nemelex Xobeh.
 21436 | D:15     | Noticed Agnes
 21437 | D:15     | 21437 ||| INVOKING Heroism.
 21456 | D:15     | Killed Agnes
 21606 | D:15     | 21606 ||| INVOKING Heroism.
 21619 | D:15     | 21619 ||| Stepping ~*~*~tactically~*~*~ (hiding).
 21626 | D:15     | 21626 ||| Stepping ~*~*~tactically~*~*~ (hiding).
 21627 | D:15     | 21627 ||| Stepping ~*~*~tactically~*~*~ (hiding).
 21678 | D:15     | Found a staircase to the Depths.
 21809 | D:15     | 21809 ||| Stepping ~*~*~tactically~*~*~ (hiding).
 21810 | D:15     | 21810 ||| Stepping ~*~*~tactically~*~*~ (hiding).
 21811 | D:15     | 21811 ||| Stepping ~*~*~tactically~*~*~ (hiding).
 21832 | D:15     | Reached skill level 15 in Axes
 21855 | D:15     | 21855 ||| DROPPING +3 morningstar.
 21856 | D:15     | 21856 ||| DROPPING +5 flail of the Exiled Artists {venom,
                  | rF++}.
 22054 | D:15     | 22054 ||| READING scroll of brand weapon.
 22054 | D:15     | 22054 ||| BRANDING +1 broad axe.
 22063 | D:15     | 22063 ||| Stepping ~*~*~tactically~*~*~ (hiding).
 22176 | D:15     | 22176 ||| INVOKING Heroism.
 22203 | D:15     | 22203 ||| Stepping ~*~*~tactically~*~*~ (stealth).
 22330 | D:15     | 22330 ||| INVOKING Heroism.
 22331 | D:15     | 22331 ||| INVOKING Finesse.
 22336 | D:15     | 22336 ||| SWAPPING to +1 hand axe of flaming.
 22342 | D:15     | 22342 ||| SWAPPING to +1 broad axe of protection.
 22500 | D:15     | 22500 ||| PLANNING ORC
 22635 | Orc:1    | Entered Level 1 of the Orcish Mines
 22636 | Orc:1    | 22636 ||| INVOKING Heroism.
 22675 | Orc:1    | 22675 ||| INVOKING Heroism.
 22945 | Orc:1    | 22945 ||| Stepping ~*~*~tactically~*~*~ (stealth).
 22948 | Orc:1    | 22948 ||| Stepping ~*~*~tactically~*~*~ (hiding).
 23030 | Orc:1    | 23030 ||| Stepping ~*~*~tactically~*~*~ (hiding).
 23032 | Orc:1    | 23032 ||| Stepping ~*~*~tactically~*~*~ (hiding).
 23040 | Orc:1    | 23040 ||| INVOKING Heroism.
 23344 | Orc:2    | Entered Level 2 of the Orcish Mines
 23419 | Orc:2    | 23419 ||| Stepping ~*~*~tactically~*~*~ (hiding).
 23425 | Orc:2    | 23425 ||| INVOKING Heroism.
 23447 | Orc:2    | 23447 ||| INVOKING Heroism.
 23465 | Orc:2    | HP: 21/96 [orc warrior/+0 scimitar (13)]
 23466 | Orc:2    | 23466 ||| READING 2 scrolls of teleportation.
 23467 | Orc:2    | 23467 ||| DRINKING 6 potions of heal wounds.
 23570 | Orc:2    | 23570 ||| FLEEEEING.
 23571 | Orc:2    | 23571 ||| FLEEEEING.
 23572 | Orc:2    | 23572 ||| FLEEEEING.
 23649 | Orc:2    | 23649 ||| Stepping ~*~*~tactically~*~*~ (hiding).
 23651 | Orc:2    | 23651 ||| Stepping ~*~*~tactically~*~*~ (hiding).
 23671 | Orc:2    | 23671 ||| Stepping ~*~*~tactically~*~*~ (hiding).
 23686 | Orc:2    | Reached skill level 12 in Fighting
 23686 | Orc:2    | Received a gift from Okawaru
 23700 | Orc:2    | Found Ererecs's Antique Weapon Boutique.
 23700 | Orc:2    | Found Tug Gonn's Armour Emporium.
 23700 | Orc:2    | Found Kifit's Magic Scroll Shoppe.
 23703 | Orc:2    | Found Aroph's Distillery.
 23715 | Orc:2    | 23715 ||| BUYING 2 potions of heal wounds (140 gold).
 23715 | Orc:2    | Bought 2 potions of heal wounds for 140 gold pieces
 23715 | Orc:2    | 23715 ||| BUYING potion of attraction (42 gold).
 23715 | Orc:2    | Bought a potion of attraction for 42 gold pieces
 23715 | Orc:2    | 23715 ||| BUYING potion of curing (42 gold).
 23715 | Orc:2    | Bought a potion of curing for 42 gold pieces
 23715 | Orc:2    | 23715 ||| BUYING potion of heal wounds (70 gold).
 23715 | Orc:2    | Bought a potion of heal wounds for 70 gold pieces
 23715 | Orc:2    | 23715 ||| BUYING potion of lignification (42 gold).
 23715 | Orc:2    | Bought a potion of lignification for 42 gold pieces
 23715 | Orc:2    | 23715 ||| BUYING potion of might (56 gold).
 23715 | Orc:2    | Bought a potion of might for 56 gold pieces
 23715 | Orc:2    | 23715 ||| BUYING potion of resistance (140 gold).
 23715 | Orc:2    | Bought a potion of resistance for 140 gold pieces
 23730 | Orc:2    | 23730 ||| Stepping ~*~*~tactically~*~*~ (hiding).
 23733 | Orc:2    | 23733 ||| Stepping ~*~*~tactically~*~*~ (hiding).
 23735 | Orc:2    | 23735 ||| Stepping ~*~*~tactically~*~*~ (hiding).
 23749 | Orc:2    | 23749 ||| Stepping ~*~*~tactically~*~*~ (hiding).
 23851 | Orc:2    | 23851 ||| Stepping ~*~*~tactically~*~*~ (stealth).
 23853 | Orc:2    | 23853 ||| Stepping ~*~*~tactically~*~*~ (hiding).
 23982 | Orc:2    | Found a staircase to the Elven Halls.
 24113 | Orc:2    | Found Detumal's Distillery.
 24135 | Orc:2    | 24135 ||| BUYING 2 potions of mutation (208 gold).
 24135 | Orc:2    | Bought 2 potions of mutation for 208 gold pieces
 24135 | Orc:2    | 24135 ||| BUYING potion of curing (39 gold).
 24135 | Orc:2    | Bought a potion of curing for 39 gold pieces
 24135 | Orc:2    | 24135 ||| BUYING potion of lignification (39 gold).
 24135 | Orc:2    | Bought a potion of lignification for 39 gold pieces
 24135 | Orc:2    | 24135 ||| BUYING potion of might (52 gold).
 24135 | Orc:2    | Bought a potion of might for 52 gold pieces
 24135 | Orc:2    | 24135 ||| BUYING potion of mutation (104 gold).
 24135 | Orc:2    | Bought a potion of mutation for 104 gold pieces
 24356 | Orc:2    | 24356 ||| PLANNING SNAKE:1-3
 24564 | Snake:1  | Entered Level 1 of the Snake Pit
 24646 | Snake:1  | Noticed Louise
 24647 | Snake:1  | 24647 ||| INVOKING Heroism.
 24668 | Snake:1  | Reached XP level 16. HP: 66/101 MP: 23/23
 24668 | Snake:1  | 24668 ||| INVOKING Finesse.
 24689 | Snake:1  | Killed Louise
 24699 | Snake:1  | 24699 ||| Stepping ~*~*~tactically~*~*~ (stealth).
 24700 | Snake:1  | 24700 ||| Stepping ~*~*~tactically~*~*~ (hiding).
 24701 | Snake:1  | 24701 ||| Stepping ~*~*~tactically~*~*~ (stealth).
 24702 | Snake:1  | 24702 ||| Stepping ~*~*~tactically~*~*~ (hiding).
 24704 | Snake:1  | 24704 ||| INVOKING Heroism.
 24714 | Snake:1  | 24714 ||| Stepping ~*~*~tactically~*~*~ (hiding).
 24715 | Snake:1  | 24715 ||| Stepping ~*~*~tactically~*~*~ (hiding).
 24766 | Snake:1  | 24766 ||| Stepping ~*~*~tactically~*~*~ (hiding).
 24767 | Snake:1  | 24767 ||| Stepping ~*~*~tactically~*~*~ (hiding).
 24791 | Snake:1  | 24791 ||| INVOKING Heroism.
 24803 | Snake:1  | 24803 ||| Stepping ~*~*~tactically~*~*~ (stealth).
 24804 | Snake:1  | 24804 ||| Stepping ~*~*~tactically~*~*~ (stealth).
 24805 | Snake:1  | 24805 ||| Stepping ~*~*~tactically~*~*~ (stealth).
 24806 | Snake:1  | 24806 ||| Stepping ~*~*~tactically~*~*~ (stealth).
 24807 | Snake:1  | 24807 ||| Stepping ~*~*~tactically~*~*~ (stealth).
 24808 | Snake:1  | 24808 ||| Stepping ~*~*~tactically~*~*~ (stealth).
 24812 | Snake:1  | 24812 ||| INVOKING Heroism.
 24889 | Snake:1  | 24889 ||| FLEEEEING.
 24963 | Snake:1  | 24963 ||| Stepping ~*~*~tactically~*~*~ (hiding).
 24974 | Snake:1  | Received a gift from Okawaru
 25083 | Snake:1  | 25083 ||| FLEEEEING.
 25086 | Snake:1  | 25086 ||| FLEEEEING.
 25103 | Snake:1  | 25103 ||| FLEEEEING.
 25104 | Snake:1  | 25104 ||| FLEEEEING.
 25105 | Snake:1  | 25105 ||| FLEEEEING.
 25107 | Snake:1  | 25107 ||| FLEEEEING.
 25108 | Snake:1  | 25108 ||| FLEEEEING.
 25109 | Snake:1  | 25109 ||| FLEEEEING.
 25116 | Snake:1  | 25116 ||| Stepping ~*~*~tactically~*~*~ (hiding).
 25219 | Snake:1  | Identified the +5 scale mail "Xiedovvi" {rC- Int+3}
 25410 | Snake:2  | Noticed Nikola
 25411 | Snake:2  | 25411 ||| INVOKING Heroism.
 25412 | Snake:2  | 25412 ||| INVOKING Finesse.
 25432 | Snake:2  | Killed Nikola
 25554 | Snake:2  | 25554 ||| Stepping ~*~*~tactically~*~*~ (hiding).
 25555 | Snake:2  | 25555 ||| INVOKING Heroism.
 25560 | Snake:2  | Noticed Vashnia
 25578 | Snake:2  | Reached skill level 3 in Dodging
 25578 | Snake:2  | 25578 ||| INVOKING Finesse.
 25584 | Snake:2  | 25584 ||| Stepping ~*~*~tactically~*~*~ (hiding).
 25586 | Snake:2  | 25586 ||| INVOKING Heroism.
 25770 | Snake:2  | Noticed Aizul
 25771 | Snake:2  | 25771 ||| INVOKING Heroism.
 25815 | Snake:2  | Killed Aizul
 25820 | Snake:2  | 25820 ||| INVOKING Heroism.
 25842 | Snake:2  | 25842 ||| Stepping ~*~*~tactically~*~*~ (hiding).
 25845 | Snake:2  | Killed Vashnia
 25958 | Snake:2  | 25958 ||| Stepping ~*~*~tactically~*~*~ (hiding).
 25973 | Snake:2  | Reached skill level 17 in Shields
 26027 | Snake:2  | 26027 ||| Stepping ~*~*~tactically~*~*~ (stealth).
 26029 | Snake:2  | 26029 ||| Stepping ~*~*~tactically~*~*~ (hiding).
 26058 | Snake:2  | 26058 ||| INVOKING Heroism.
 26083 | Snake:2  | 26083 ||| Stepping ~*~*~tactically~*~*~ (hiding).
 26320 | Snake:2  | 26320 ||| Stepping ~*~*~tactically~*~*~ (hiding).
 26324 | Snake:2  | 26324 ||| Stepping ~*~*~tactically~*~*~ (hiding).
 26501 | Snake:2  | 26501 ||| INVOKING Heroism.
 26506 | Snake:2  | Reached skill level 12 in Armour
 26640 | Snake:2  | 26640 ||| DROPPING +0 cloak.
 26641 | Snake:2  | 26641 ||| READING 14 scrolls of identify.
 26641 | Snake:2  | 26641 ||| IDENTIFYING sapphire potion
 26721 | Snake:3  | Received a gift from Okawaru
 26881 | Snake:3  | Noticed Bai Suzhen
 26882 | Snake:3  | 26882 ||| INVOKING Heroism.
 26883 | Snake:3  | 26883 ||| INVOKING Finesse.
 26900 | Snake:3  | 26900 ||| SWAPPING to +1 hand axe of flaming.
 26915 | Snake:3  | 26915 ||| SWAPPING to +1 broad axe of protection.
 26920 | Snake:3  | Killed Bai Suzhen
 26948 | Snake:3  | 26948 ||| INVOKING Heroism.
 27034 | Snake:3  | 27034 ||| FLEEEEING.
 27035 | Snake:3  | 27035 ||| FLEEEEING.
 27036 | Snake:3  | 27036 ||| FLEEEEING.
 27037 | Snake:3  | 27037 ||| FLEEEEING.
 27038 | Snake:3  | 27038 ||| FLEEEEING.
 27039 | Snake:3  | 27039 ||| FLEEEEING.
 27053 | Snake:3  | 27053 ||| FLEEEEING.
 27067 | Snake:3  | 27067 ||| FLEEEEING.
 27072 | Snake:3  | 27072 ||| STAIRDANCE
 27581 | Snake:3  | Received a gift from Okawaru
 28001 | Snake:3  | 28001 ||| PLANNING SWAMP:1-3
 28168 | Swamp:1  | Entered Level 1 of the Swamp
 28271 | Swamp:1  | 28271 ||| INVOKING Heroism.
 28496 | Swamp:1  | 28496 ||| INVOKING Heroism.
 28542 | Swamp:1  | Received a gift from Okawaru
 28797 | Swamp:1  | 28797 ||| INVOKING Heroism.
 28867 | Swamp:1  | Reached XP level 17. HP: 108/108 MP: 24/24
 28933 | Swamp:1  | 28933 ||| INVOKING Heroism.
 29091 | Swamp:1  | 29091 ||| Stepping ~*~*~tactically~*~*~ (hiding).
 29092 | Swamp:1  | 29092 ||| Stepping ~*~*~tactically~*~*~ (hiding).
 29150 | Swamp:2  | 29150 ||| INVOKING Heroism.
 29151 | Swamp:2  | 29151 ||| SWAPPING to +1 hand axe of flaming.
 29158 | Swamp:2  | 29158 ||| SWAPPING to +1 broad axe of protection.
 29165 | Swamp:2  | 29165 ||| Stepping ~*~*~tactically~*~*~ (hiding).
 29166 | Swamp:2  | 29166 ||| Stepping ~*~*~tactically~*~*~ (hiding).
 29167 | Swamp:2  | 29167 ||| Stepping ~*~*~tactically~*~*~ (hiding).
 29184 | Swamp:2  | 29184 ||| INVOKING Heroism.
 29189 | Swamp:2  | 29189 ||| SWAPPING to +1 hand axe of flaming.
 29193 | Swamp:2  | 29193 ||| SWAPPING to +1 broad axe of protection.
 29195 | Swamp:2  | 29195 ||| SWAPPING to +1 hand axe of flaming.
 29201 | Swamp:2  | 29201 ||| SWAPPING to +1 broad axe of protection.
 29221 | Swamp:2  | 29221 ||| INVOKING Heroism.
 29242 | Swamp:2  | HP: 25/108 [acid (4)]
 29243 | Swamp:2  | 29243 ||| READING 3 scrolls of teleportation.
 29244 | Swamp:2  | 29244 ||| DRINKING 9 potions of heal wounds.
 29253 | Swamp:2  | 29253 ||| Stepping ~*~*~tactically~*~*~ (cloud).
 29255 | Swamp:2  | 29255 ||| Stepping ~*~*~tactically~*~*~ (hiding).
 29268 | Swamp:2  | Received a gift from Okawaru
 29283 | Swamp:2  | 29283 ||| INVOKING Heroism.
 29327 | Swamp:2  | 29327 ||| Stepping ~*~*~tactically~*~*~ (hiding).
 29328 | Swamp:2  | 29328 ||| Stepping ~*~*~tactically~*~*~ (hiding).
 29329 | Swamp:2  | 29329 ||| Stepping ~*~*~tactically~*~*~ (hiding).
 29330 | Swamp:2  | 29330 ||| Stepping ~*~*~tactically~*~*~ (hiding).
 29334 | Swamp:2  | 29334 ||| INVOKING Heroism.
 29378 | Swamp:2  | 29378 ||| Stepping ~*~*~tactically~*~*~ (stealth).
 29592 | Swamp:2  | Received a gift from Okawaru
 29876 | Swamp:3  | 29876 ||| INVOKING Heroism.
 29885 | Swamp:3  | HP: 16/108 [ghoul (15)]
 29886 | Swamp:3  | Reached skill level 6 in Throwing
 29886 | Swamp:3  | 29886 ||| READING 3 scrolls of teleportation.
 29887 | Swamp:3  | 29887 ||| DRINKING 8 potions of heal wounds.
 29904 | Swamp:3  | HP: 26/108 [ghost crab] (10)]
 29905 | Swamp:3  | 29905 ||| READING 2 scrolls of teleportation.
 29906 | Swamp:3  | 29906 ||| DRINKING 7 potions of heal wounds.
 29909 | Swamp:3  | 29909 ||| DRINKING 6 potions of heal wounds.
 29953 | Swamp:3  | 29953 ||| INVOKING Heroism.
 30598 | Swamp:3  | 30598 ||| INVOKING Heroism.
 30645 | Swamp:3  | 30645 ||| Stepping ~*~*~tactically~*~*~ (hiding).
 30648 | Swamp:3  | 30648 ||| INVOKING Heroism.
 30759 | Swamp:3  | 30759 ||| PLANNING SNAKE:4
 30759 | Swamp:3  | 30759 ||| UPGRADING to +5 ring of evasion.
 30956 | Snake:4  | Entered Level 4 of the Snake Pit
 30984 | Snake:4  | 30984 ||| Stepping ~*~*~tactically~*~*~ (hiding).
 30991 | Snake:4  | 30991 ||| Stepping ~*~*~tactically~*~*~ (hiding).
 31015 | Snake:4  | 31015 ||| INVOKING Heroism.
 31025 | Snake:4  | 31025 ||| Stepping ~*~*~tactically~*~*~ (hiding).
 31172 | Snake:4  | 31172 ||| Stepping ~*~*~tactically~*~*~ (hiding).
 31173 | Snake:4  | 31173 ||| Stepping ~*~*~tactically~*~*~ (hiding).
 31174 | Snake:4  | 31174 ||| Stepping ~*~*~tactically~*~*~ (hiding).
 31176 | Snake:4  | 31176 ||| Stepping ~*~*~tactically~*~*~ (hiding).
 31177 | Snake:4  | 31177 ||| Stepping ~*~*~tactically~*~*~ (hiding).
 31183 | Snake:4  | 31183 ||| Stepping ~*~*~tactically~*~*~ (hiding).
 31313 | Snake:4  | Found Dorchaemo's Magic Scroll Shop.
 31317 | Snake:4  | Found Lyuruxorr's Antique Weapon Shop.
 31320 | Snake:4  | 31320 ||| Stepping ~*~*~tactically~*~*~ (hiding).
 31323 | Snake:4  | 31323 ||| INVOKING Heroism.
 31398 | Snake:4  | 31398 ||| BUYING scroll of teleportation (57 gold).
 31398 | Snake:4  | Bought a scroll of teleportation for 57 gold pieces
 31415 | Snake:4  | 31415 ||| Stepping ~*~*~tactically~*~*~ (stealth).
 31429 | Snake:4  | Received a gift from Okawaru
 31442 | Snake:4  | 31442 ||| INVOKING Heroism.
 31462 | Snake:4  | Reached skill level 18 in Axes
 31643 | Snake:4  | Received a gift from Okawaru
 31822 | Snake:4  | 31822 ||| INVOKING Heroism.
 32013 | Snake:4  | Noticed Saint Roka
 32014 | Snake:4  | 32014 ||| INVOKING Heroism.
 32015 | Snake:4  | 32015 ||| INVOKING Finesse.
 32040 | Snake:4  | HP: 27/108 [Saint Roka/divine providence (11)]
 32041 | Snake:4  | 32041 ||| READING 2 scrolls of teleportation.
 32042 | Snake:4  | 32042 ||| DRINKING 5 potions of heal wounds.
 32043 | Snake:4  | 32043 ||| DRINKING 4 potions of heal wounds.
 32049 | Snake:4  | Killed Saint Roka
 32303 | Snake:4  | 32303 ||| Stepping ~*~*~tactically~*~*~ (stealth).
 32304 | Snake:4  | 32304 ||| Stepping ~*~*~tactically~*~*~ (stealth).
 32305 | Snake:4  | 32305 ||| Stepping ~*~*~tactically~*~*~ (stealth).
 32307 | Snake:4  | 32307 ||| Stepping ~*~*~tactically~*~*~ (hiding).
 32308 | Snake:4  | 32308 ||| Stepping ~*~*~tactically~*~*~ (hiding).
 32310 | Snake:4  | 32310 ||| Stepping ~*~*~tactically~*~*~ (hiding).
 32312 | Snake:4  | 32312 ||| Stepping ~*~*~tactically~*~*~ (hiding).
 32319 | Snake:4  | Received a gift from Okawaru
 32437 | Snake:4  | 32437 ||| INVOKING Heroism.
 32452 | Snake:4  | HP: 23/108 [naga warrior/+0 dire flail (18)]
 32453 | Snake:4  | 32453 ||| READING scroll of teleportation.
 32454 | Snake:4  | 32454 ||| DRINKING 3 potions of heal wounds.
 32454 | Snake:4  | HP: 5/108 [naga warrior/+0 battleaxe (7)]
 32455 | Snake:4  | 32455 ||| DRINKING 2 potions of heal wounds.
 32456 | Snake:4  | 32456 ||| DRINKING potion of heal wounds.
 32650 | Snake:4  | 32650 ||| Stepping ~*~*~tactically~*~*~ (stealth).
 32670 | Snake:4  | 32670 ||| Stepping ~*~*~tactically~*~*~ (hiding).
 32686 | Snake:4  | 32686 ||| INVOKING Heroism.
 32794 | Snake:4  | 32794 ||| INVOKING Heroism.
 32836 | Snake:4  | 32836 ||| Stepping ~*~*~tactically~*~*~ (hiding).
 32842 | Snake:4  | 32842 ||| INVOKING Heroism.
 32910 | Snake:4  | 32910 ||| Stepping ~*~*~tactically~*~*~ (stealth).
 32912 | Snake:4  | 32912 ||| Stepping ~*~*~tactically~*~*~ (hiding).
 32930 | Snake:4  | Received a gift from Okawaru
 33003 | Snake:4  | 33003 ||| FLEEEEING.
 33004 | Snake:4  | 33004 ||| FLEEEEING.
 33005 | Snake:4  | 33005 ||| FLEEEEING.
 33006 | Snake:4  | 33006 ||| FLEEEEING.
 33007 | Snake:4  | 33007 ||| FLEEEEING.
 33008 | Snake:4  | 33008 ||| FLEEEEING.
 33009 | Snake:4  | 33009 ||| FLEEEEING.
 33060 | Snake:4  | 33060 ||| Stepping ~*~*~tactically~*~*~ (stealth).
 33086 | Snake:4  | Received a gift from Okawaru
 33087 | Snake:4  | Reached XP level 18. HP: 87/114 MP: 25/25
 33097 | Snake:4  | 33097 ||| INVOKING Heroism.
 33163 | Snake:4  | 33163 ||| INVOKING Heroism.
 33171 | Snake:4  | Received a gift from Okawaru
 33217 | Snake:4  | 33217 ||| FLEEEEING.
 33285 | Snake:4  | 33285 ||| INVOKING Heroism.
 33321 | Snake:4  | 33321 ||| DROPPING +1 hand axe of flaming.
 33336 | Snake:4  | 33336 ||| Stepping ~*~*~tactically~*~*~ (hiding).
 33338 | Snake:4  | 33338 ||| INVOKING Heroism.
 33532 | Snake:4  | Got a serpentine rune of Zot
 33546 | Snake:4  | 33546 ||| INVOKING Heroism.
 33741 | Snake:4  | 33741 ||| PLANNING VAULTS:1-4
 33741 | Snake:4  | 33741 ||| UPGRADING to ring of positive energy.
 34021 | Vaults:1 | Entered Level 1 of the Vaults
 34053 | Vaults:1 | 34053 ||| Stepping ~*~*~tactically~*~*~ (stealth).
 34055 | Vaults:1 | 34055 ||| Stepping ~*~*~tactically~*~*~ (stealth).
 34059 | Vaults:1 | 34059 ||| INVOKING Heroism.
 34073 | Vaults:1 | Reached skill level 18 in Shields
 34088 | Vaults:1 | Received a gift from Okawaru
 34198 | Vaults:1 | 34198 ||| Stepping ~*~*~tactically~*~*~ (hiding).
 34199 | Vaults:1 | 34199 ||| Stepping ~*~*~tactically~*~*~ (hiding).
 34205 | Vaults:1 | 34205 ||| Stepping ~*~*~tactically~*~*~ (hiding).
 34208 | Vaults:1 | 34208 ||| Stepping ~*~*~tactically~*~*~ (hiding).
 34327 | Vaults:1 | 34327 ||| INVOKING Heroism.
 34367 | Vaults:1 | 34367 ||| Stepping ~*~*~tactically~*~*~ (hiding).
 34422 | Vaults:1 | 34422 ||| Stepping ~*~*~tactically~*~*~ (hiding).
 34458 | Vaults:1 | 34458 ||| Stepping ~*~*~tactically~*~*~ (hiding).
 34459 | Vaults:1 | 34459 ||| Stepping ~*~*~tactically~*~*~ (hiding).
 34474 | Vaults:1 | Received a gift from Okawaru
 34483 | Vaults:1 | 34483 ||| INVOKING Heroism.
 34592 | Vaults:1 | 34592 ||| READING scroll of brand weapon.
 34592 | Vaults:1 | 34592 ||| BRANDING +1 broad axe of protection.
 34607 | Vaults:1 | Found Hiadwur's Armour Emporium.
 34617 | Vaults:1 | 34617 ||| BUYING +1 pair of boots of the Prince of Darkness
                  | {Dex+2 Slay+3} (566 gold).
 34617 | Vaults:1 | Bought the +1 pair of boots of the Prince of Darkness
                  | {Dex+2 Slay+3} for 566 gold pieces
 34617 | Vaults:1 | 34617 ||| BUYING +2 helmet of see invisible (365 gold).
 34617 | Vaults:1 | Bought a +2 helmet of see invisible for 365 gold pieces
 34617 | Vaults:1 | 34617 ||| SHOPLISTING +7 plate armour of Snakes and Ladders
                  | {rCorr} (1200 gold, have 612).
 34774 | Vaults:1 | 34774 ||| INVOKING Heroism.
 34980 | Vaults:1 | Received a gift from Okawaru
 34997 | Vaults:1 | Reached skill level 15 in Fighting
 35008 | Vaults:1 | 35008 ||| INVOKING Heroism.
 35031 | Vaults:1 | 35031 ||| Stepping ~*~*~tactically~*~*~ (hiding).
 35159 | Vaults:1 | 35159 ||| FLEEEEING.
 35160 | Vaults:1 | 35160 ||| FLEEEEING.
 35215 | Vaults:1 | 35215 ||| Stepping ~*~*~tactically~*~*~ (hiding).
 35380 | Vaults:1 | 35380 ||| READING scroll of enchant weapon.
 35380 | Vaults:1 | 35380 ||| ENCHANTING +1 broad axe of electrocution.
 35405 | Vaults:1 | 35405 ||| Stepping ~*~*~tactically~*~*~ (stealth).
 35407 | Vaults:1 | 35407 ||| Stepping ~*~*~tactically~*~*~ (hiding).
 35423 | Vaults:1 | 35423 ||| Stepping ~*~*~tactically~*~*~ (hiding).
 35472 | Vaults:1 | 35472 ||| Stepping ~*~*~tactically~*~*~ (hiding).
 35491 | Vaults:1 | 35491 ||| INVOKING Heroism.
 35671 | Vaults:1 | 35671 ||| INVOKING Heroism.
 35777 | Vaults:1 | Identified the amulet of the Prince of Darkness {-Tele
                  | rPois rC- Regen+ Str+5}
 35779 | Vaults:1 | Identified the +0 scale mail "Urhered" {rC+ rCorr Str+4
                  | SInv}
 35969 | Vaults:1 | 35969 ||| UPGRADING to +1 pair of boots of the Prince of
                  | Darkness {Dex+2 Slay+3}.
 35979 | Vaults:1 | 35979 ||| DROPPING +2 pair of boots of flying.
 35980 | Vaults:1 | 35980 ||| UPGRADING to +2 helmet of see invisible.
 35990 | Vaults:1 | 35990 ||| DROPPING +2 helmet.
 35991 | Vaults:1 | 35991 ||| UPGRADING to +5 ring of evasion.
 35993 | Vaults:1 | 35993 ||| DROPPING ring of positive energy.
 36047 | Vaults:2 | 36047 ||| Stepping ~*~*~tactically~*~*~ (hiding).
 36468 | Vaults:2 | Reached XP level 19. HP: 117/124 MP: 26/26
 36471 | Vaults:2 | Received a gift from Okawaru
 36486 | Vaults:2 | 36486 ||| INVOKING Heroism.
 36773 | Vaults:2 | 36773 ||| FLEEEEING.
 36774 | Vaults:2 | 36774 ||| FLEEEEING.
 36775 | Vaults:2 | 36775 ||| FLEEEEING.
 36776 | Vaults:2 | 36776 ||| FLEEEEING.
 36777 | Vaults:2 | 36777 ||| FLEEEEING.
 36778 | Vaults:2 | 36778 ||| INVOKING Heroism.
 36779 | Vaults:2 | 36779 ||| INVOKING Finesse.
 36789 | Vaults:2 | Received a gift from Okawaru
 36821 | Vaults:2 | Noticed Margery
 36822 | Vaults:2 | 36822 ||| DRINKING 4 potions of resistance.
 36827 | Vaults:2 | Received a gift from Okawaru
 36849 | Vaults:2 | 36849 ||| INVOKING Heroism.
 36857 | Vaults:2 | Killed Margery
 36871 | Vaults:2 | Reached skill level 15 in Armour
 36874 | Vaults:2 | Reached ****** piety under Okawaru
 36878 | Vaults:2 | Identified the +1 robe of Yfuownow {rElec rCorr Int+3
                  | Dex-3} (Okawaru gifted it to you on level 2 of the Vaults)
 36878 | Vaults:2 | Received a gift from Okawaru
 36880 | Vaults:2 | Reached skill level 19 in Shields
 36894 | Vaults:2 | 36894 ||| INVOKING Heroism.
 36947 | Vaults:2 | 36947 ||| INVOKING Heroism.
 37564 | Vaults:2 | 37564 ||| Stepping ~*~*~tactically~*~*~ (hiding).
 37568 | Vaults:2 | 37568 ||| Stepping ~*~*~tactically~*~*~ (hiding).
 37741 | Vaults:2 | Found a staircase to the Crypt.
 37889 | Vaults:2 | 37889 ||| Stepping ~*~*~tactically~*~*~ (hiding).
 37892 | Vaults:2 | 37892 ||| Stepping ~*~*~tactically~*~*~ (hiding).
 38246 | Vaults:3 | 38246 ||| Stepping ~*~*~tactically~*~*~ (hiding).
 38323 | Vaults:3 | Noticed Donald
 38326 | Vaults:3 | Noticed Asterion
 38327 | Vaults:3 | 38327 ||| INVOKING Heroism.
 38328 | Vaults:3 | 38328 ||| INVOKING Finesse.
 38356 | Vaults:3 | Killed Asterion
 38356 | Vaults:3 | HP: 28/128 [Donald/+0 double sword of holy wrath (13)]
 38358 | Vaults:3 | Killed Donald
 38358 | Vaults:3 | Identified the +0 robe of Muttered Phrases {Rampage rF+
                  | rCorr} (Okawaru gifted it to you on level 3 of the Vaults)
 38358 | Vaults:3 | Received a gift from Okawaru
 38361 | Vaults:3 | HP: 17/128 [deep troll[an ironbound preserver] (12)]
 38374 | Vaults:3 | HP: 11/128 [centaur warrior (7)]
 38407 | Vaults:3 | HP: 11/128 [peacekeeper (8)]
 38408 | Vaults:3 | 38408 ||| INVOKING Heroism.
 38751 | Vaults:3 | Reached XP level 20. HP: 128/134 MP: 27/27
 38804 | Vaults:3 | 38804 ||| INVOKING Heroism.
 39129 | Vaults:3 | 39129 ||| Stepping ~*~*~tactically~*~*~ (stealth).
 39371 | Vaults:3 | Received a gift from Okawaru
 39380 | Vaults:3 | 39380 ||| DROPPING +0 war axe of electrocution.
 39706 | Vaults:3 | 39706 ||| READING scroll of acquirement.
 39706 | Vaults:3 | 39706 ||| ACQUIRING 1129 gold pieces
 39706 | Vaults:3 | Acquired 1129 gold pieces
 39736 | Vaults:3 | 39736 ||| Stepping ~*~*~tactically~*~*~ (hiding).
 39771 | Vaults:3 | 39771 ||| Stepping ~*~*~tactically~*~*~ (stealth).
 39773 | Vaults:3 | 39773 ||| Stepping ~*~*~tactically~*~*~ (hiding).
 39798 | Vaults:3 | Reached skill level 18 in Fighting
 39879 | Vaults:3 | 39879 ||| Stepping ~*~*~tactically~*~*~ (stealth).
 39893 | Vaults:3 | 39893 ||| INVOKING Heroism.
 39979 | Vaults:3 | 39979 ||| DROPPING +6 ring of intelligence.
 39985 | Vaults:4 | 39985 ||| PLANNING DESOLATION
 40003 | Vaults:4 | Found Seux's Jewellery Boutique.
 40049 | Vaults:4 | 40049 ||| READING scroll of enchant weapon.
 40049 | Vaults:4 | 40049 ||| ENCHANTING +2 broad axe of electrocution.
 40085 | Vaults:4 | 40085 ||| INVOKING Heroism.
 40124 | Vaults:4 | 40124 ||| Stepping ~*~*~tactically~*~*~ (stealth).
 40126 | Vaults:4 | 40126 ||| Stepping ~*~*~tactically~*~*~ (stealth).
 40130 | Vaults:4 | 40130 ||| Stepping ~*~*~tactically~*~*~ (stealth).
 40361 | Vaults:4 | Identified the +0 tower shield of Valour {rC+} (Okawaru
                  | gifted it to you on level 4 of the Vaults)
 40361 | Vaults:4 | Received a gift from Okawaru
 40456 | Vaults:4 | 40456 ||| READING scroll of enchant weapon.
 40456 | Vaults:4 | 40456 ||| ENCHANTING +3 broad axe of electrocution.
 40486 | Vaults:4 | 40486 ||| READING scroll of enchant weapon.
 40486 | Vaults:4 | 40486 ||| ENCHANTING +4 broad axe of electrocution.
 40688 | Vaults:4 | 40688 ||| Stepping ~*~*~tactically~*~*~ (stealth).
 40689 | Vaults:4 | 40689 ||| Stepping ~*~*~tactically~*~*~ (stealth).
 40707 | Vaults:4 | 40707 ||| RIP DESOLATION
 40708 | Vaults:4 | 40708 ||| PLANNING VAULTS:1-4
 40842 | Vaults:4 | 40842 ||| Stepping ~*~*~tactically~*~*~ (hiding).
 40844 | Vaults:4 | 40844 ||| Stepping ~*~*~tactically~*~*~ (hiding).
 40845 | Vaults:4 | 40845 ||| Stepping ~*~*~tactically~*~*~ (hiding).
 40846 | Vaults:4 | 40846 ||| Stepping ~*~*~tactically~*~*~ (hiding).
 40939 | Vaults:4 | 40939 ||| Stepping ~*~*~tactically~*~*~ (hiding).
 40940 | Vaults:4 | 40940 ||| Stepping ~*~*~tactically~*~*~ (hiding).
 40947 | Vaults:4 | Reached skill level 20 in Shields
 41114 | Vaults:4 | Found a portal to a secret trove of treasure.
 41166 | Vaults:4 | 41166 ||| PLANNING SWAMP:4
 41429 | Swamp:4  | Entered Level 4 of the Swamp
 41507 | Swamp:4  | 41507 ||| Stepping ~*~*~tactically~*~*~ (hiding).
 41508 | Swamp:4  | 41508 ||| Stepping ~*~*~tactically~*~*~ (hiding).
 41532 | Swamp:4  | 41532 ||| INVOKING Heroism.
 41533 | Swamp:4  | 41533 ||| INVOKING Finesse.
 41692 | Swamp:4  | 41692 ||| Stepping ~*~*~tactically~*~*~ (hiding).
 41693 | Swamp:4  | 41693 ||| Stepping ~*~*~tactically~*~*~ (hiding).
 41802 | Swamp:4  | 41802 ||| Stepping ~*~*~tactically~*~*~ (hiding).
 41804 | Swamp:4  | 41804 ||| Stepping ~*~*~tactically~*~*~ (hiding).
 41809 | Swamp:4  | 41809 ||| Stepping ~*~*~tactically~*~*~ (hiding).
 41822 | Swamp:4  | Reached skill level 9 in Throwing
 41823 | Swamp:4  | 41823 ||| INVOKING Heroism.
 41829 | Swamp:4  | 41829 ||| Stepping ~*~*~tactically~*~*~ (hiding).
 41848 | Swamp:4  | HP: 31/136 [constriction (13)]
 41849 | Swamp:4  | 41849 ||| READING scroll of teleportation.
 41850 | Swamp:4  | HP: 13/136 [13-headed hydra (9)]
 41852 | Swamp:4  | HP: 6/136 [15-headed hydra (7)]
 41853 | Swamp:4  | HP: 1/136 [constriction (6)]
 41853 | Swamp:4  | Slain by a 15-headed hydra

Levels and vault maps discovered:
D:1:      mrwooster_arrival_arrow, layout_basic, serial_shops, shop
D:2:      layout_rooms, serial_shops, shop, minmay_joined_circles, uniq_sigmund,
          uniq_jessica
D:3:      layout_basic, minitemple, gup_sewer_entry_glass, serial_shops, shop
D:4:      layout_cave_pools, gammafunk_ghost_arena,
          chequers_serial_rivers_small_3, nzn_random_ring
D:5:      layout_rooms, kennysheep_okawaru_gauntlet,
          minmay_temple_entry_statues_pillars
D:6:      layout_loops_cross, makhleb_grotto_becter,
          mainiacjoe_overflow_24_doors, grunt_ministairs_12,
          chequers_serial_rivers_micro_e
D:7:      layout_cave_pods, nicolae_uskayaw_dance_hall, gammafunk_ghost_hive
D:8:      layout_basic, special_room [special_room_orc]
D:9:      layout_roguey
D:10:     nicolae_cairo_tiling, layout_loops_cross, erik_lair_orcish_takeover,
          enter_bailey_4, eino_small_chamber_without_monster, nzn_life_drinkers,
          uniq_psyche
D:11:     layout_long_grid, david_orc_3
D:12:     layout_small_grid, gauntlet_entry_generic, gammafunk_ghost_mausoleum,
          chequers_mini_garden
D:13:     layout_basic, david_vaults_1, portal_ice_cave_entry_ice_simulacra,
          uniq_nessos, uniq_jorgrun, uniq_maurice
D:14:     layout_loops_ring, doesnt_xom_only_xom, uniq_snorg
D:15:     grunt_enter_depths_magical_seal, layout_loops_ring, special_room
          [special_room_orc], serial_aquarium, aquarium_bridge_square
          [aquarium_subvault_bridge, aquarium_subvault_balcony,
          aquarium_subvault_wall, aquarium_subvault_wall], aquarium_window_2,
          aquarium_window_1, aquarium_view_2b, aquarium_balcony_3b,
          aquarium_pool_2, nemelex_spade_bored_becter, uniq_agnes
Temple:   nicolae_temple_superstar
Lair:1:   layout_gridlike, serial_rivers, chequers_serial_rivers_micro_d,
          chequers_serial_rivers_small_3, chequers_serial_rivers_small_3,
          chequers_serial_rivers_small_3, chequers_serial_rivers_marsh,
          chequers_serial_rivers_marsh
Lair:2:   layout_cave_pods, nicolae_snake_entry_warm_welcome,
          infiniplex_staircase_pool_2, lemuel_fruit_tree
Lair:3:   layout_cave_pods, minmay_swamp_entry_swarm, basic_altar,
          enter_volcano_3, beast_lair_carwin_3, uniq_gastronok
Lair:4:   layout_small_grid, slime_entry_2, wad_woods_river_04,
          serial_bayou_pond_c, nicolae_quartered_pool_super
Lair:5:   hellmonk_lair_end_abyssal_woods, layout_regular_city,
          gammafunk_ghost_icy, uniq_kirke
Swamp:1:  layout_falls_marsh, evilmike_swamp_ruin_house_1, swamp_pool1,
          nicolae_swamp_oxbows
Swamp:2:  layout_falls_marsh, hangedman_swamp_ruin_wall
Swamp:3:  layout_basic_swamp, serial_swamp_ruin, evilmike_swamp_ruin_house_2,
          evilmike_swamp_ruin_wall, evilmike_swamp_ruin_house_6
Swamp:4:  swamp, layout_basic_swamp
Snake:1:  layout_rooms, uniq_louise
Snake:2:  layout_concentric_octagons, uniq_nikola, uniq_vashnia, uniq_aizul
Snake:3:  layout_onion, grunt_megastairs_5, uniq_bai_suzhen
Snake:4:  snake_pit, layout_cave_town, st_stairs_14, minmay_shop_star,
          uniq_saint_roka
Orc:1:    layout_caves
Orc:2:    st_orc_rangers, layout_diamond_mine, serial_shops,
          nicolae_shop_industrial_runoff
Vaults:1: v_misc_23, nicolae_vaults_door_testing_chamber,
          vaults_standard_mumra_enter_the_diamond,
          nicolae_vaults_taking_the_gang_shopping,
          nicolae_vaults_closet_pinwheel_4,
          nicolae_vaults_disappearing_quadrants, nicolae_vaults_tetromino_T_2,
          nicolae_vaults_tetromino_Z_2, hangedman_vaults_restitches,
          nicolae_vaults_trapezoid_layered, v_pattern_3,
          nicolae_vaults_tetromino_L_2, nicolae_vaults_house_2,
          nicolae_vaults_hexular_roomagon, layout_vaults_maze_snakey
Vaults:2: nicolae_vaults_know_your_exits, v_rooms_2, blue_anna_dwarven_crypt,
          v_rooms_5, nicolae_vaults_asterisk, nicolae_vaults_little_squares_1,
          nicolae_vaults_closet_pinwheel_2, v_alt_pattern_3,
          nicolae_vaults_network_quincunx
          [nicolae_vaults_network_quincunx_subvault,
          nicolae_vaults_network_quincunx_subvault,
          nicolae_vaults_network_quincunx_subvault,
          nicolae_vaults_network_quincunx_subvault,
          nicolae_vaults_network_quincunx_subvault], v_misc_2,
          hangedman_vaults_trim, ontoclasm_vaults_idyll, layout_vaults_omnibox,
          uniq_margery
Vaults:3: v_alt_pattern_3, vaults_room_large_hall, v_misc_1,
          nicolae_vaults_what_the_h, ontoclasm_vaults_twist,
          nicolae_vaults_two_Ls, nicolae_vaults_trapezoid_lopsided_3,
          nicolae_vaults_border_crossing, layout_vaults_omnigrid, uniq_asterion,
          uniq_donald
Vaults:4: portal_desolation_entry_nicolae_nacl, vaults_mumra_hex,
          grunt_vaults_funnel, v_pattern_4, nicolae_vaults_specimen_jars,
          hangedman_vaults_unwind, nicolae_vaults_swerve,
          nicolae_vaults_house_3, vaults_standard_mumra_enter_the_diamond,
          vaults_room_hallway, layout_vaults_big_room, serial_shops, shop,
          trove_entry_hex_spiral

Skill      XL: |  1  2  3  4  5  6  7  8  9 10 11 12 13 14 15 16 17 18 19 20 |
---------------+-------------------------------------------------------------+-----
Axes           | 2 3 5 6 7 8 9 10 12 14 15 17 18 | 18.0
Fighting       | 4 5 6 7 8 10 12 13 15 17 18 | 18.0
Dodging        | 1 2 3 4 5 |  5.4
Armour         | 4 6 7 8 9 10 11 12 13 14 16 17 | 17.0
Throwing       | 1 2 3 4 5 7 8 9 |  9.0
Invocations    | 4 5 9 10 | 10.0
Shields        | 4 8 12 13 14 15 16 17 18 19 20 | 20.0

Action                     |  1- 3 |  4- 6 |  7- 9 | 10-12 | 13-15 | 16-18 | 19-21 || total
---------------------------+-------+-------+-------+-------+-------+-------+-------++-------
  Melee: War axe           |    43 |   139 |   272 |   537 |       |       |       ||   991
         Broad axe         |       |       |       |   146 |  1450 |  1809 |   811 ||  4216
         Morningstar       |       |       |       |       |    16 |       |       ||    16
         Hand axe          |       |       |       |       |     5 |    28 |       ||    33
  Throw: Boomerang         |       |       |    79 |    60 |    62 |     5 |       ||   206
         Javelin           |       |       |       |    23 |   130 |    75 |    89 ||   317
 Invoke: Heroism           |       |       |     3 |    26 |    37 |    46 |    12 ||   124
         Finesse           |       |       |       |     1 |     5 |     5 |     3 ||    14
    Use: Scroll            |     6 |     4 |     4 |     7 |    11 |     8 |     5 ||    45
         Potion            |       |       |     6 |       |     3 |     9 |     1 ||    19
   Stab: Invisible         |       |       |     2 |       |       |       |       ||     2
         Confused          |       |       |       |       |       |     1 |       ||     1
         Distracted        |       |       |       |       |       |     1 |       ||     1
 Armour: Scale mail        |    23 |    45 |       |       |       |       |       ||    68
         Chain mail        |       |    35 |    70 |       |       |       |       ||   105
         Gold dragon scale |       |       |   129 |   405 |       |       |       ||   534
         Plate armour      |       |       |       |    12 |   754 |   759 |   276 ||  1801
  Dodge: Dodged            |    14 |    63 |    81 |    73 |   269 |   436 |   399 ||  1335
  Block: Buckler           |    10 |    25 |    57 |    18 |       |       |       ||   110
         Tower shield      |       |       |       |   517 |  1557 |  1693 |   752 ||  4519

Table legend:
 A = Non-vault XP
 B = Vault XP
 C = Vault XP percentage of total XP
 D = Non-vault monster count
 E = Vault monster count
 F = Vault count percentage of total count
                 A         B        C        D         E       F
            +---------+---------+-------+---------+---------+-------
      Total |  275897 |  198313 |  41.8 |     829 |     432 |  34.3
            +---------+---------+-------+---------+---------+-------
        D:1 |      17 |       0 |   0.0 |      11 |       0 |   0.0
        D:2 |     121 |     278 |  69.7 |      23 |      16 |  41.0
        D:3 |     144 |      17 |  10.6 |      17 |       3 |  15.0
        D:4 |     953 |     231 |  19.5 |      34 |      15 |  30.6
        D:5 |     703 |       4 |   0.6 |      17 |       2 |  10.5
        D:6 |    1806 |     177 |   8.9 |      18 |       3 |  14.3
        D:7 |    1647 |       0 |   0.0 |      35 |       0 |   0.0
        D:8 |    2325 |     236 |   9.2 |      29 |      20 |  40.8
        D:9 |    1134 |       0 |   0.0 |      23 |       0 |   0.0
       D:10 |    3527 |    1231 |  25.9 |      27 |      16 |  37.2
       D:11 |    3138 |      47 |   1.5 |      10 |       3 |  23.1
       D:12 |    4717 |       0 |   0.0 |      32 |       0 |   0.0
       D:13 |    2626 |    4889 |  65.1 |       5 |      13 |  72.2
       D:14 |    9649 |     947 |   8.9 |      23 |       1 |   4.2
       D:15 |    7893 |    6067 |  43.5 |      19 |      25 |  56.8
     Lair:1 |    4941 |       0 |   0.0 |      16 |       0 |   0.0
     Lair:2 |    4245 |     689 |  14.0 |      21 |       4 |  16.0
     Lair:3 |    9254 |    4396 |  32.2 |      24 |      13 |  35.1
     Lair:4 |    8792 |     463 |   5.0 |      28 |       1 |   3.4
     Lair:5 |   13020 |   13342 |  50.6 |      29 |      46 |  61.3
    Swamp:1 |   12995 |       0 |   0.0 |      24 |       0 |   0.0
    Swamp:2 |   11262 |       0 |   0.0 |      20 |       0 |   0.0
    Swamp:3 |   10030 |       0 |   0.0 |      17 |       0 |   0.0
    Swamp:4 |    8837 |    4522 |  33.8 |      18 |       8 |  30.8
    Snake:1 |   14221 |    1251 |   8.1 |      31 |       1 |   3.1
    Snake:2 |    9936 |    9566 |  49.1 |      21 |       7 |  25.0
    Snake:3 |    7921 |    4127 |  34.3 |      17 |       3 |  15.0
    Snake:4 |   24358 |   27164 |  52.7 |      48 |      45 |  48.4
      Orc:1 |    3043 |       0 |   0.0 |      34 |       0 |   0.0
      Orc:2 |    1457 |    6716 |  82.2 |      13 |      40 |  75.5
   Vaults:1 |   19346 |   25665 |  57.0 |      39 |      33 |  45.8
   Vaults:2 |   29691 |   39591 |  57.1 |      45 |      52 |  53.6
   Vaults:3 |   28223 |   27356 |  49.2 |      39 |      32 |  45.1
   Vaults:4 |   13925 |   19192 |  58.0 |      22 |      26 |  54.2
      Sewer |       0 |     149 | 100.0 |       0 |       4 | 100.0
            +---------+---------+-------+---------+---------+-------
